 Dungeon Crawl Stone Soup version 0.30-a0-222-ge547ba4400 (webtiles) character file.

Game seed: 12554690647817792519

360670 qw the Slayer (level 22, -1/155 HPs)
             Began as a Gargoyle Fighter on Oct 8, 2022.
             Was an Elder of Okawaru.
             Killed from afar by a frost giant (53 damage)
             ... with a bolt of cold
             ... on level 3 of the Depths.
             The game lasted 00:25:21 (49824 turns).

qw the Slayer (Gargoyle Fighter)                   Turns: 49824, Time: 00:25:21

Health: -1/155     AC: 60    Str: 30    XL:     22   Next: 43%
Magic:  24/29      EV: 19    Int: 13    God:    Okawaru [****..]
Gold:   338        SH: 23    Dex: 13    Spells: 21/21 levels left

rFire   + . .      SeeInvis +    c - +5 broad axe "Undertaker" {vorpal, rElec rN+ SInv}
rCold   . . .      Faith    .    L - +2 kite shield {rF+}
rNeg    + + .      Spirit   .    H - +1 shadow dragon scales
rPois   inf        Reflect  +    E - +2 helmet
rElec   +          Harm     .    K - +2 cloak
rCorr   .          Rampage  .    C - +2 pair of gloves
Will    +++..                    B - +0 pair of boots of Elare {Will+}
Stlth   ++++......               p - amulet of reflection
HPRegen 0.45/turn                N - ring of Raomily {Will+ EV+4 Int+3 Dex+4 Slay-2}
MPRegen 0.21/turn                s - +4 ring of protection

@: heroic, finesse-ful, flying
A: sickness immunity, AC +16, big wings, negative energy resistance 1,
electricity resistance, torment resistance 1, petrification resistance
}: 2/15 runes: decaying, serpentine
a: Renounce Religion, Heroism, Finesse


You were on level 3 of the Depths.
You worshipped Okawaru.
Okawaru was greatly pleased with you.
You visited 8 branches of the dungeon, and saw 38 of its levels.
You visited 1 bazaar.

You collected 4350 gold pieces.
You spent 4012 gold pieces at shops.


Innate Abilities, Weirdness & Mutations

You are immune to sickness and miasma.
Your stone body is resilient. (AC +16)
You are immune to poison.
Your large and strong wings let you fly.
You resist negative energy. (rN+)
You are resistant to electric shocks. (rElec)
You are resistant to unholy torment.
You are immune to petrification.


   Skills:
 - Level 21.0(26.0) Fighting
 - Level 18.0(23.0) Axes
 - Level 11.2(16.2) Throwing
 - Level 20.4(25.4) Armour
 + Level 7.4(12.4) Dodging
 - Level 18.0(23.0) Shields
 - Level 10.0 Invocations


You had 21 spell levels left.
You didn't know any spells.
Your spell library was empty.

Inventory:

Hand Weapons
 c - the +5 broad axe "Undertaker" (weapon) {vorpal, rElec rN+ SInv}
   (Okawaru gifted it to you on level 4 of the Lair of Beasts)

   It inflicts extra damage upon your enemies.
   rElec:     It insulates you from electricity.
   rN:        It protects you from negative energy.
   SInv:      It lets you see invisible.
Missiles
 o - 5 javelins (quivered)
 y - 35 boomerangs
Armour
 e - the +0 cloak of the Depths {+Blink +Inv Str-2 SInv}
   (Okawaru gifted it to you on level 14 of the Dungeon)

   Str:       It affects your strength (-2).
   SInv:      It lets you see invisible.
   +Inv:      It lets you turn invisible.
   +Blink:    It lets you blink.
 g - +0 fire dragon scales
 t - +0 acid dragon scales
 z - a +2 chain mail of cold resistance
 B - the +0 pair of boots of Elare (worn) {Will+}
   (Okawaru gifted it to you on level 2 of the Lair of Beasts)

   Will:      It increases your willpower.
 C - a +2 pair of gloves (worn)
 D - a +2 pair of boots
 E - a +2 helmet (worn)
 F - a +1 helmet of see invisible
 H - +1 shadow dragon scales (worn)
 K - a +2 cloak (worn)
 L - a +2 kite shield of fire resistance (worn)
 M - +0 ice dragon scales
 O - a +2 kite shield of reflection
Jewellery
 h - a ring of fire
 p - an amulet of reflection (around neck)
 s - a +4 ring of protection (right hand)
 G - a ring of fire
 I - the amulet "Okhliadd" {Spirit rCorr Dex+4}
   (You bought it in a shop on level 2 of the Orcish Mines)

   [amulet of guardian spirit]

   It causes incoming damage to be divided between your reserves of health and
   magic.
   Dex:       It affects your dexterity (+4).
   rCorr:     It protects you from acid and corrosion.
 N - the ring of Raomily (left hand) {Will+ EV+4 Int+3 Dex+4 Slay-2}
   (You found it on level 2 of the Depths)

   [ring of evasion]

   EV:        It affects your evasion (+4).
   Int:       It affects your intelligence (+3).
   Dex:       It affects your dexterity (+4).
   Slay:      It affects your accuracy & damage with ranged weapons and melee
   (-2).
   Will:      It increases your willpower.
 Y - a +4 ring of evasion
Wands
 m - a wand of digging (6)
Scrolls
 b - 13 scrolls of teleportation
 k - 14 scrolls of identify
 r - 4 scrolls of brand weapon
 w - 6 scrolls of enchant weapon
Potions
 a - 5 potions of mutation
 d - 6 potions of might
 f - 15 potions of lignification
 i - 4 potions of attraction
 l - 19 potions of curing
 n - 4 potions of magic
 u - a potion of heal wounds
 v - 3 potions of cancellation
 x - 7 potions of haste
 A - 4 potions of resistance

Dungeon Overview and Level Annotations

Branches:
Dungeon (15/15)            Temple (1/1) D:5            Lair (5/5) D:10
  Swamp (4/4) Lair:2        Snake (4/4) Lair:3        Slime (0/5) Lair:5
    Orc (2/2) D:12            Elf (0/3) Orc:2        Vaults (4/5) D:14
  Crypt (0/3) Vaults:2     Depths (3/4) D:15

Altars:
Ashenzari
Cheibriados
Dithmenos
Elyvilon
Fedhas
Gozag
Hepliaklqana
Kikubaaqudgha
Makhleb
Nemelex Xobeh
Okawaru
Qazlal
Ru
Sif Muna
Trog
Uskayaw
Vehumet
Wu Jian
Xom
Yredelemnul
Zin
The Shining One
Jiyva

Shops:
D:6 [   D:10 ?   D:15 *   Orc:1 :??!   Orc:2 :==*   Snake:1 =   Snake:2 *
Snake:3 :   Vaults:2 ?   Vaults:4 [[[   Depths:2 =*

Portals:
Hell: Depths:1 Depths:2
Abyss: Depths:1 Depths:2
Pandemonium: Depths:2
Ziggurat: Depths:2

Annotations:
D:2 1 runed translucent door, Crazy Yiuf
D:12 3 runed translucent doors, qw's ghost, journeyman GrFi
Snake:2 1 runed translucent door, Siddir's ghost, journeyman MiBe
Orc:1 1 runed translucent door
Vaults:1 3 runed translucent doors, qw's ghost, adept GrFi
Vaults:3 1 runed translucent door, Adoajy's ghost, adept DsWr
Depths:1 1 runed translucent door, qw's ghost, veteran GrFi


Message History

The tentacled monstrosity is almost dead.
You slice the tentacled monstrosity!!
You kill the tentacled monstrosity!
Okawaru accepts your kill.
You can now enter into single combat with a foe.
Okawaru will now gift you equipment as you gain piety.
The walking frostbound tome erupts in a flurry of living spells!
You hear a shout!
49817 ||| INVOKING Finesse.
You can now deal lightning-fast blows.
You can no longer enter into single combat with a foe.
Okawaru will no longer gift you equipment.
You hear a shout!
You block the stone giant's attack.
You hit the stone giant.
The stone giant is lightly wounded.
You hit the stone giant but do no damage.
The stone giant is lightly wounded.
You block the stone giant's attack.
A fire giant comes into view.
It is wielding a +0 great sword of flaming.
You slice the stone giant!!
The stone giant is heavily wounded.
You hear a shout!
You slash the stone giant!
The stone giant is severely wounded.
You slice the stone giant!!
You kill the stone giant!
Okawaru accepts your kill.
The walking frostbound tome erupts in a flurry of living spells!
The frost giant casts a spell at you.
The bolt of cold hits the frost giant!
The frost giant resists.
The bolt of cold misses you.
You hear a shout! x3
You slice the frost giant!!
The frost giant is moderately wounded.
You hit the frost giant.
The frost giant is heavily wounded.
The frost giant gestures at you while chanting.
The bolt of cold hits you!!!
You die...

#........#.#
#####........#.######
....#........#..>....
#.'........###.####
.#.##.#........###.####
...................##.'
##.#####)#####.###....#
##.(.# #.# #....#
#@###.# .8 #.####
..*.C*C## ..i ...... #
#.#H#C# #.8.8.#.. *;C
##.###... #H# # # #...
C*. #...# #.# ..


You could see 2 frost giants, a walking frostbound tome, 2 fire giants, 2
sphinxes, a stone giant and 4 living spells.

Vanquished Creatures
  A juggernaut (Depths:2)
  A golden dragon (Vaults:4)
  4 tentacled monstrosities
  Mlioglotl (Snake:3)
  Rupert (D:15)
  7 liches
  A walking frostbound tome (Depths:3)
  2 thorn hunters (Swamp:2)
  Frances (D:14)
  3 sphinxes
  A storm dragon (Depths:2)
  Kirke (Swamp:2)
  2 shadow dragons
  2 tengu reavers (Depths:2)
  An azure jelly (shapeshifter) (Depths:2)
  5 nagarajas (Snake:4)
  5 fenstrider witches
  4 fire giants
  9 vault wardens
  3 frost giants
  A balrug (Depths:2)
  3 orc warlords
  A war gargoyle (Vaults:4)
  9 very ugly things
  8 ironbound thunderhulks
  15 ironbound preservers
  11 stone giants
  Nessos (D:12)
  5 eleionomae
  12 dire elephants
  Snorg (D:11)
  5 spark wasps
  3 bunyips
  A merfolk javelineer (Depths:2)
  2 blizzard demons (Swamp:4)
  Josephine (D:14)
  6 ettins (Depths:1)
  A crystal guardian (Vaults:4)
  10 fire dragons
  2 shambling mangroves (Swamp:4)
  6 yaktaur captains
  3 great orbs of eyes
  7 vault guards
  6 salamander tyrants (Snake:4)
  7 ice dragons
  8 hydras
  A peacekeeper (Vaults:4)
  2 ogre magi (Swamp:4)
  4 ghost crabs
  A hell beast (Depths:1)
  4 catoblepae
  4 ironbound frosthearts
  9 centaur warriors
  3 spriggan air magi (Swamp:4)
  2 two-headed ogres
  Erica (Lair:2)
  3 rakshasas
  12 anacondas
  2 death knights (Vaults:2)
  3 deep troll earth magi
  4 tengu warriors
  A vampire mage (Depths:1)
  11 alligators
  7 death yaks (Lair:5)
  3 deep troll shamans
  11 naga sharpshooters
  15 naga warriors
  6 boulder beetles
  Urug (Lair:1)
  7 spriggan berserkers
  4 orc high priests (Orc:2)
  2 sun demons (Depths:2)
  5 soul eaters
  A hell knight (Depths:1)
  9 skeletal warriors
  9 shock serpents
  14 spriggans
  2 salamander mystics (Snake:2)
  An iron troll (Depths:2)
  A death drake (Swamp:4)
  46 deep trolls
  3 sixfirhies
  5 swamp dragons
  7 goliath frogs
  3 glowing orange brains
  10 spriggan druids
  4 bog bodies
  An orange crystal statue (Vaults:1)
  2 flayed ghosts
  A phantasmal warrior (Vaults:4)
  4 naga ritualists
  3 necromancers
  7 wizards
  5 orc knights
  Pikel (D:6)
  11 ironbound convokers
  A golden dragon skeleton (Vaults:2)
  A harpy (D:14)
  9 lindwurms
  A deep elf zephyrmancer (Swamp:4)
  4 orc sorcerers
  A tengu skeleton (Vaults:2)
  7 mana vipers
  3 deep elf pyromancers
  A cyclops (shapeshifter) (Depths:2)
  6 will-o-the-wisps
  7 manticores
  41 ugly things
  7 cyclopes
  15 salamanders
  A manticore (shapeshifter) (D:15)
  24 elephants
  15 naga magi
  A fire giant skeleton (Vaults:2)
  11 vault sentinels
  6 guardian serpents
  4 orange demons
  3 human skeletons (Vaults:2)
  33 black mambas
  3 smoke demons
  11 cane toads
  2 unseen horrors
  Maggie (D:8)
  3 freezing wraiths
  2 tengu conjurers
  6 komodo dragons
  6 rime drakes
  2 hellwings
  3 ice devils (D:14)
  5 efreet
  34 yaktaurs
  2 red devils (D:14)
  2 bloated husks
  10 trolls
  A golden dragon simulacrum (Vaults:2)
  4 polar bears
  7 dream sheep (Lair:5)
  16 hornets
  36 slime creatures
  6 tyrant leeches
  A slime creature (shapeshifter) (Vaults:4)
  Prince Ribbit (D:7)
  Grinder (D:6)
  22 blink frogs
  7 wraiths
  Sigmund (D:4)
  An elf zombie (Vaults:2)
  64 yaks
  A shadow (D:10)
  2 vampires (D:12)
  Eustachio (D:8)
  9 wyverns
  A water elemental (Depths:2)
  2 ynoxinuls (D:14)
  3 hogs (Swamp:2)
  7 basilisks
  4 humans (Swamp:2)
  A golden eye (shapeshifter) (D:14)
  Menkaure (D:6)
  A chaos spawn (Swamp:4)
  2 steam dragons
  A neqoxec (D:14)
  14 vampire mosquitoes
  46 nagas
  6 wargs
  16 swamp worms
  Duvessa (D:5)
  3 acid dragons
  15 water moccasins
  A glowing shapeshifter skeleton (Vaults:2)
  35 orc warriors
  A sky beast (D:8)
  A swamp drake (Swamp:3)
  2 ice beasts
  6 black bears
  A human zombie (Vaults:2)
  10 ogres
  21 wolves
  4 boggarts (Vaults:4)
  2 centaurs (D:7)
  A lemure (D:6)
  A phantom (D:4)
  3 kobold brigands
  11 bullfrogs
  A gnoll sergeant (D:8)
  4 scorpions
  Dowan (D:5)
  13 wights
  7 killer bees
  3 howler monkeys
  4 electric eels
  2 jellies
  9 hounds
  38 orc priests
  33 orc wizards
  A hell rat (Lair:5)
  Robin (D:4)
  4 gnolls
  6 adders
  2 shadow imps (D:6)
  A white imp (D:6)
  3 ufetubi
  A worm (D:5)
  2 dart slugs
  108 orcs
  4 endoplasms
  9 giant cockroaches
  21 goblins
  13 hobgoblins
  4 jackals
  28 kobolds
  3 quokkas
  8 ball pythons
  5 bats
  6 frilled lizards
  5 rats
  3 briar patches (Swamp:2)
  A fire vortex (Depths:1)
1521 creatures vanquished.

Vanquished Creatures (others)
  A rakshasa (Depths:1)
  A ghost crab (Swamp:3)
  An ogre mage (Swamp:4)
  A goliath frog (Swamp:3)
  A deep elf pyromancer (D:15)
  A bloated husk (Swamp:3)
  2 tyrant leeches (Swamp:3)
  A hornet (Swamp:4)
  A kobold brigand (D:9)
  An orc wizard (Orc:2)
  A briar patch (Swamp:2)
  A bush (D:10)
  6 demonic plants (D:14)
  14 foxfires
  28 fungi
  39 plants
100 creatures vanquished.

Grand Total: 1621 creatures vanquished

Notes
Turn   | Place    | Note
-------+----------+-------------------------------------------
     0 | D:1      | qw the Gargoyle Fighter began the quest for the Orb.
     0 | D:1      | Reached XP level 1. HP: 14/14 MP: 1/1
     0 | D:1      | 0 ||| qw: Version: 0.2-a-17-g06abaee
     0 | D:1      | 0 ||| qw: Game counter: 2026
     0 | D:1      | 0 ||| qw: Always use a shield: true
     0 | D:1      | 0 ||| qw: God list: Okawaru
     0 | D:1      | 0 ||| qw: Allow faded altars: false
     0 | D:1      | 0 ||| qw: Do Orc after D:15 true
     0 | D:1      | 0 ||| qw: Do second Lair branch before Depths: true
     0 | D:1      | 0 ||| qw: Lair rune preference: random
     0 | D:1      | 0 ||| qw: Plans: Normal, Zot:1-4, God:TSO, Crypt, Tomb,
                  | Pan, Slime:5, Hells, Abyss, Orb
     0 | D:1      | 0 ||| PLANNING D:1-11
    28 | D:1      | 28 ||| Stepping ~*~*~tactically~*~*~ (stealth).
    90 | D:1      | 90 ||| Stepping ~*~*~tactically~*~*~ (stealth).
    91 | D:1      | 91 ||| Stepping ~*~*~tactically~*~*~ (stealth).
    94 | D:1      | 94 ||| Stepping ~*~*~tactically~*~*~ (stealth).
   101 | D:1      | 101 ||| Stepping ~*~*~tactically~*~*~ (stealth).
   129 | D:1      | Reached XP level 2. HP: 19/19 MP: 2/2
   133 | D:1      | 133 ||| Stepping ~*~*~tactically~*~*~ (stealth).
   185 | D:1      | 185 ||| SWAPPING to +2 vampiric hand axe.
   226 | D:1      | 226 ||| Stepping ~*~*~tactically~*~*~ (stealth).
   315 | D:1      | Found a faded altar of an unknown god.
   723 | D:1      | Reached skill level 3 in Axes
   800 | D:1      | 800 ||| UPGRADING to +0 plate armour.
   810 | D:1      | 810 ||| DROPPING +0 scale mail.
   811 | D:1      | 811 ||| UPGRADING to +6 ring of strength.
   812 | D:1      | 812 ||| READING scroll labelled RAUKUIRASO.
   813 | D:1      | 813 ||| READING scroll labelled ROEGICU REASUZ.
   859 | D:2      | Reached XP level 3. HP: 23/23 MP: 3/3
   866 | D:2      | 866 ||| READING scroll labelled MOWKEA IMEIWO.
   874 | D:2      | 874 ||| STAIRDANCE
   924 | D:2      | Found a runed translucent door.
   925 | D:2      | 925 ||| DROPPING +0 club.
   926 | D:2      | Noticed Crazy Yiuf
   928 | D:2      | Found the +6 shillelagh "Devastator" {shatter}
  1042 | D:2      | 1042 ||| Stepping ~*~*~tactically~*~*~ (stealth).
  1054 | D:2      | 1054 ||| Stepping ~*~*~tactically~*~*~ (stealth).
  1062 | D:2      | 1062 ||| Stepping ~*~*~tactically~*~*~ (stealth).
  1063 | D:2      | 1063 ||| Stepping ~*~*~tactically~*~*~ (stealth).
  1065 | D:2      | 1065 ||| Stepping ~*~*~tactically~*~*~ (stealth).
  1070 | D:2      | 1070 ||| Stepping ~*~*~tactically~*~*~ (stealth).
  1076 | D:2      | 1076 ||| Stepping ~*~*~tactically~*~*~ (stealth).
  1218 | D:2      | Reached XP level 4. HP: 28/28 MP: 4/4
  1226 | D:2      | 1226 ||| Stepping ~*~*~tactically~*~*~ (stealth).
  1229 | D:2      | 1229 ||| Stepping ~*~*~tactically~*~*~ (stealth).
  1241 | D:2      | 1241 ||| Stepping ~*~*~tactically~*~*~ (stealth).
  1521 | D:2      | 1521 ||| READING 2 scrolls labelled LEBINOI XAEG.
  1522 | D:2      | 1522 ||| READING scroll labelled LATO APHUIKID.
  1523 | D:2      | 1523 ||| READING scroll labelled QIAMEUTETI.
  1526 | D:2      | 1526 ||| READING 2 scrolls of identify.
  1526 | D:2      | 1526 ||| IDENTIFYING lumpy inky potion
  1527 | D:2      | 1527 ||| DROPPING scroll of blinking.
  1621 | D:2      | 1621 ||| STAIRDANCE
  1625 | D:2      | 1625 ||| STAIRDANCE
  1629 | D:2      | 1629 ||| STAIRDANCE
  1633 | D:2      | 1633 ||| STAIRDANCE
  1637 | D:2      | 1637 ||| STAIRDANCE
  1641 | D:2      | 1641 ||| STAIRDANCE
  1645 | D:2      | 1645 ||| STAIRDANCE
  1649 | D:2      | 1649 ||| STAIRDANCE
  1653 | D:2      | 1653 ||| STAIRDANCE
  1657 | D:2      | 1657 ||| STAIRDANCE
  1661 | D:2      | 1661 ||| STAIRDANCE
  1665 | D:2      | 1665 ||| STAIRDANCE
  1669 | D:2      | 1669 ||| STAIRDANCE
  1673 | D:2      | 1673 ||| STAIRDANCE
  1677 | D:2      | 1677 ||| STAIRDANCE
  1681 | D:2      | 1681 ||| STAIRDANCE
  1685 | D:2      | 1685 ||| STAIRDANCE
  1689 | D:2      | 1689 ||| STAIRDANCE
  1693 | D:2      | 1693 ||| STAIRDANCE
  2133 | D:3      | Identified the +0 leather armour "Itujyos" {Dex+6}
  2200 | D:3      | Found a sparkling altar of Nemelex Xobeh.
  2218 | D:3      | Noticed a black bear
  2233 | D:3      | Killed a black bear
  2234 | D:3      | Reached XP level 5. HP: 32/32 MP: 5/5
  2318 | D:3      | Found a glowing golden altar of the Shining One.
  2440 | D:3      | 2440 ||| Stepping ~*~*~tactically~*~*~ (stealth).
  2490 | D:3      | Found an ornate altar of the Wu Jian Council.
  2623 | D:3      | 2623 ||| DRINKING 2 bubbling golden potions.
  2667 | D:4      | Noticed a phantom
  2692 | D:4      | Killed a phantom
  2693 | D:4      | Reached skill level 4 in Fighting
  2693 | D:4      | Reached XP level 6. HP: 36/39 MP: 6/6
  2716 | D:4      | 2716 ||| Stepping ~*~*~tactically~*~*~ (stealth).
  2719 | D:4      | 2719 ||| Stepping ~*~*~tactically~*~*~ (stealth).
  2739 | D:4      | Noticed Sigmund
  2756 | D:4      | Killed Sigmund
  2822 | D:4      | Found a hazy altar of Hepliaklqana.
  2844 | D:4      | 2844 ||| Stepping ~*~*~tactically~*~*~ (stealth).
  2845 | D:4      | 2845 ||| Stepping ~*~*~tactically~*~*~ (stealth).
  2851 | D:4      | Reached XP level 7. HP: 44/44 MP: 7/7
  2853 | D:4      | Reached skill level 6 in Axes
  3004 | D:4      | Reached skill level 1 in Dodging
  3161 | D:4      | Identified the +2 helmet of the Sea {rPois rN+++ Str-5
                  | Int-5}
  3161 | D:4      | Noticed Robin
  3176 | D:4      | Killed Robin
  3214 | D:4      | 3214 ||| READING scroll labelled LYISOYTIDEO.
  3215 | D:4      | 3215 ||| READING scroll labelled BOIRROREHE.
  3224 | D:5      | Entered Level 5 of the Dungeon
  3225 | D:5      | 3225 ||| PLANNING SEWER
  3228 | D:5      | Found a staircase to the Ecumenical Temple.
  3258 | D:5      | 3258 ||| Stepping ~*~*~tactically~*~*~ (stealth).
  3267 | D:5      | 3267 ||| Stepping ~*~*~tactically~*~*~ (stealth).
  3274 | D:5      | 3274 ||| Stepping ~*~*~tactically~*~*~ (stealth).
  3293 | D:5      | 3293 ||| Stepping ~*~*~tactically~*~*~ (hiding).
  3319 | D:5      | 3319 ||| DROPPING +0 hammer.
  3354 | D:5      | Noticed Duvessa
  3354 | D:5      | Noticed Dowan
  3355 | D:5      | 3355 ||| Stepping ~*~*~tactically~*~*~ (stealth).
  3356 | D:5      | 3356 ||| Stepping ~*~*~tactically~*~*~ (stealth).
  3384 | D:5      | Killed Duvessa
  3384 | D:5      | HP: 10/44 [Dowan/stone arrow (9)]
  3385 | D:5      | 3385 ||| READING scroll of teleportation.
  3386 | D:5      | 3386 ||| DRINKING potion of heal wounds.
  3387 | D:5      | 3387 ||| Stepping ~*~*~tactically~*~*~ (hiding).
  3418 | D:5      | Killed Dowan
  3706 | D:5      | Reached XP level 8. HP: 48/48 MP: 8/8
  3724 | D:5      | Reached skill level 5 in Fighting
  3896 | D:5      | 3896 ||| Stepping ~*~*~tactically~*~*~ (hiding).
  3909 | D:5      | 3909 ||| Stepping ~*~*~tactically~*~*~ (hiding).
  3912 | D:5      | 3912 ||| Stepping ~*~*~tactically~*~*~ (hiding).
  3913 | D:5      | 3913 ||| Stepping ~*~*~tactically~*~*~ (hiding).
  3935 | D:5      | 3935 ||| Stepping ~*~*~tactically~*~*~ (stealth).
  3988 | D:5      | 3988 ||| RIP SEWER
  3989 | D:5      | 3989 ||| PLANNING TEMPLE
  3989 | D:5      | 3989 ||| FLEEEEING.
  3990 | D:5      | 3990 ||| FLEEEEING.
  3991 | D:5      | 3991 ||| FLEEEEING.
  3992 | D:5      | 3992 ||| FLEEEEING.
  3993 | D:5      | 3993 ||| FLEEEEING.
  3994 | D:5      | 3994 ||| FLEEEEING.
  3995 | D:5      | 3995 ||| FLEEEEING.
  3996 | D:5      | 3996 ||| FLEEEEING.
  3997 | D:5      | 3997 ||| FLEEEEING.
  3998 | D:5      | 3998 ||| FLEEEEING.
  4000 | D:5      | 4000 ||| FLEEEEING.
  4001 | D:5      | 4001 ||| FLEEEEING.
  4002 | D:5      | 4002 ||| FLEEEEING.
  4003 | D:5      | 4003 ||| STAIRDANCE
  4005 | D:4      | 4005 ||| UPGRADING to +2 helmet of the Sea {rPois rN+++
                  | Str-5 Int-5}.
  4010 | D:4      | 4010 ||| READING 3 scrolls of identify.
  4010 | D:4      | 4010 ||| IDENTIFYING lumpy green potion
  4011 | D:4      | 4011 ||| READING 2 scrolls of identify.
  4011 | D:4      | 4011 ||| IDENTIFYING white potion
  4018 | D:4      | 4018 ||| Stepping ~*~*~tactically~*~*~ (stealth).
  4019 | D:4      | 4019 ||| Stepping ~*~*~tactically~*~*~ (stealth).
  4036 | Temple   | Entered the Ecumenical Temple
  4044 | Temple   | 4044 ||| PLANNING OKAWARU WORSHIP
  4181 | Temple   | Became a worshipper of Warmaster Okawaru
  4182 | Temple   | 4182 ||| PLANNING D:1-11
  4338 | D:5      | 4338 ||| DROPPING +0 morningstar.
  4528 | D:5      | 4528 ||| Stepping ~*~*~tactically~*~*~ (stealth).
  4579 | D:5      | 4579 ||| UPGRADING to +0 pair of boots.
  4675 | D:6      | Noticed Grinder
  4682 | D:6      | Killed Grinder
  4701 | D:6      | 4701 ||| Stepping ~*~*~tactically~*~*~ (stealth).
  4705 | D:6      | Noticed Pikel
  4738 | D:6      | Killed Pikel
  4738 | D:6      | Reached * piety under Okawaru
  4739 | D:6      | Reached skill level 6 in Armour
  4739 | D:6      | Reached XP level 9. HP: 54/54 MP: 9/9
  4863 | D:6      | Found a broken altar of Ashenzari.
  4870 | D:6      | Found a shimmering altar of Xom.
  4919 | D:6      | 4919 ||| INVOKING Heroism.
  4974 | D:6      | Found Iwkiwet's Armour Boutique.
  5002 | D:6      | Noticed Menkaure
  5003 | D:6      | 5003 ||| INVOKING Heroism.
  5004 | D:6      | 5004 ||| INVOKING Heroism.
  5006 | D:6      | Killed Menkaure
  5007 | D:6      | Reached skill level 1 in Invocations
  5097 | D:6      | 5097 ||| Stepping ~*~*~tactically~*~*~ (hiding).
  5098 | D:6      | 5098 ||| Stepping ~*~*~tactically~*~*~ (hiding).
  5135 | D:6      | 5135 ||| Stepping ~*~*~tactically~*~*~ (hiding).
  5445 | D:6      | 5445 ||| UPGRADING to amulet of reflection.
  5450 | D:6      | 5450 ||| DROPPING amulet of magic regeneration.
  5451 | D:6      | 5451 ||| UPGRADING to +4 ring of protection.
  5452 | D:6      | 5452 ||| READING scroll labelled YNACHETUESH.
  5453 | D:6      | 5453 ||| DRINKING 3 fizzy coppery potions.
  5554 | D:6      | 5554 ||| READING 2 scrolls of identify.
  5554 | D:6      | 5554 ||| IDENTIFYING lumpy grey potion
  5555 | D:6      | 5555 ||| DROPPING 2 potions of ambrosia.
  5582 | D:7      | Noticed a +0 falchion
  5582 | D:7      | Noticed a +0 spear
  5583 | D:7      | Noticed a +0 short sword
  5584 | D:7      | Noticed a +0 dagger
  5593 | D:7      | 5593 ||| INVOKING Heroism.
  5598 | D:7      | Reached skill level 6 in Fighting
  5600 | D:7      | 5600 ||| DRINKING 3 potions of curing.
  5600 | D:7      | 5600 ||| (to cure confusion)
  5636 | D:7      | 5636 ||| Stepping ~*~*~tactically~*~*~ (stealth).
  5642 | D:7      | 5642 ||| Stepping ~*~*~tactically~*~*~ (stealth).
  5745 | D:7      | Found a hide-covered altar of Uskayaw.
  5745 | D:7      | Noticed a +0 short sword
  5745 | D:7      | Noticed a +0 falchion
  5745 | D:7      | Noticed a +0 spear
  5748 | D:7      | Noticed a +0 dagger
  5810 | D:7      | 5810 ||| Stepping ~*~*~tactically~*~*~ (stealth).
  5819 | D:7      | 5819 ||| INVOKING Heroism.
  5823 | D:7      | Reached skill level 3 in Invocations
  5823 | D:7      | 5823 ||| Stepping ~*~*~tactically~*~*~ (cloud).
  5852 | D:7      | Paralysed by a wight for 4 turns
  5861 | D:7      | Noticed Prince Ribbit
  5862 | D:7      | 5862 ||| INVOKING Heroism.
  5879 | D:7      | Killed Prince Ribbit
  5889 | D:7      | 5889 ||| FLEEEEING.
  5890 | D:7      | 5890 ||| FLEEEEING.
  5891 | D:7      | 5891 ||| FLEEEEING.
  5892 | D:7      | 5892 ||| FLEEEEING.
  5893 | D:7      | 5893 ||| FLEEEEING.
  5894 | D:7      | 5894 ||| FLEEEEING.
  5898 | D:7      | 5898 ||| FLEEEEING.
  5899 | D:7      | 5899 ||| FLEEEEING.
  5900 | D:7      | 5900 ||| STAIRDANCE
  6002 | D:7      | 6002 ||| Stepping ~*~*~tactically~*~*~ (stealth).
  6011 | D:7      | Reached skill level 9 in Axes
  6052 | D:7      | Reached ** piety under Okawaru
  6058 | D:7      | 6058 ||| Stepping ~*~*~tactically~*~*~ (stealth).
  6061 | D:7      | 6061 ||| Stepping ~*~*~tactically~*~*~ (stealth).
  6062 | D:7      | 6062 ||| Stepping ~*~*~tactically~*~*~ (stealth).
  6063 | D:7      | 6063 ||| INVOKING Heroism.
  6086 | D:7      | 6086 ||| INVOKING Heroism.
  6230 | D:7      | 6230 ||| Stepping ~*~*~tactically~*~*~ (hiding).
  6239 | D:7      | Reached skill level 7 in Fighting
  6239 | D:7      | Reached XP level 10. HP: 63/63 MP: 13/13
  6499 | D:7      | 6499 ||| READING scroll labelled USHOL ITUPLEITO.
  6575 | D:8      | 6575 ||| Stepping ~*~*~tactically~*~*~ (stealth).
  6582 | D:8      | 6582 ||| INVOKING Heroism.
  6640 | D:8      | 6640 ||| Stepping ~*~*~tactically~*~*~ (stealth).
  6642 | D:8      | 6642 ||| Stepping ~*~*~tactically~*~*~ (hiding).
  6643 | D:8      | 6643 ||| Stepping ~*~*~tactically~*~*~ (hiding).
  6647 | D:8      | 6647 ||| Stepping ~*~*~tactically~*~*~ (hiding).
  6648 | D:8      | 6648 ||| Stepping ~*~*~tactically~*~*~ (hiding).
  6649 | D:8      | 6649 ||| Stepping ~*~*~tactically~*~*~ (hiding).
  6650 | D:8      | 6650 ||| Stepping ~*~*~tactically~*~*~ (hiding).
  6692 | D:8      | 6692 ||| Stepping ~*~*~tactically~*~*~ (hiding).
  6699 | D:8      | 6699 ||| INVOKING Heroism.
  6719 | D:8      | 6719 ||| INVOKING Heroism.
  6805 | D:8      | Noticed a deep elf pyromancer
  6811 | D:8      | 6811 ||| INVOKING Heroism.
  6829 | D:8      | HP: 2/63 [deep elf pyromancer/bolt of fire (20)]
  6830 | D:8      | 6830 ||| READING 2 scrolls of teleportation.
  6831 | D:8      | 6831 ||| DRINKING potion of heal wounds.
  6835 | D:8      | 6835 ||| FLEEEEING.
  7094 | D:8      | Noticed Maggie
  7120 | D:8      | Killed Maggie
  7169 | D:8      | 7169 ||| READING scroll labelled PIRHAMULOPN.
  7175 | D:8      | Noticed Eustachio
  7215 | D:8      | 7215 ||| INVOKING Heroism.
  7225 | D:8      | Killed Eustachio
  7226 | D:8      | Reached skill level 8 in Fighting
  7240 | D:8      | 7240 ||| Stepping ~*~*~tactically~*~*~ (hiding).
  7244 | D:8      | 7244 ||| Stepping ~*~*~tactically~*~*~ (hiding).
  7245 | D:8      | 7245 ||| Stepping ~*~*~tactically~*~*~ (hiding).
  7246 | D:8      | 7246 ||| Stepping ~*~*~tactically~*~*~ (hiding).
  7257 | D:8      | 7257 ||| INVOKING Heroism.
  7266 | D:8      | Killed a deep elf pyromancer
  7655 | D:8      | 7655 ||| INVOKING Heroism.
  7659 | D:8      | 7659 ||| Stepping ~*~*~tactically~*~*~ (stealth).
  7786 | D:8      | 7786 ||| UPGRADING to +0 kite shield.
  7796 | D:8      | 7796 ||| DROPPING +0 buckler.
  7797 | D:8      | 7797 ||| DROPPING +6 ring of dexterity.
  7798 | D:8      | 7798 ||| DRINKING 2 bubbling purple potions.
  7799 | D:8      | 7799 ||| READING 2 scrolls of identify.
  7799 | D:8      | 7799 ||| IDENTIFYING blue potion
  8044 | D:9      | Noticed a two-headed ogre
  8045 | D:9      | 8045 ||| INVOKING Heroism.
  8059 | D:9      | Killed a two-headed ogre
  8059 | D:9      | Reached *** piety under Okawaru
  8060 | D:9      | Reached skill level 6 in Shields
  8084 | D:9      | 8084 ||| Stepping ~*~*~tactically~*~*~ (stealth).
  8190 | D:9      | 8190 ||| Stepping ~*~*~tactically~*~*~ (hiding).
  8191 | D:9      | 8191 ||| Stepping ~*~*~tactically~*~*~ (hiding).
  8205 | D:9      | 8205 ||| INVOKING Heroism.
  8329 | D:9      | 8329 ||| FLEEEEING.
  8333 | D:9      | 8333 ||| FLEEEEING.
  8397 | D:9      | Reached **** piety under Okawaru
  8409 | D:9      | Reached XP level 11. HP: 61/68 MP: 14/14
  8434 | D:9      | 8434 ||| INVOKING Heroism.
  8844 | D:10     | Entered Level 10 of the Dungeon
  8845 | D:10     | 8845 ||| INVOKING Heroism.
  8870 | D:10     | 8870 ||| INVOKING Heroism.
  8877 | D:10     | Reached skill level 9 in Shields
  8884 | D:10     | Received a gift from Okawaru
  8899 | D:10     | 8899 ||| INVOKING Heroism.
  8902 | D:10     | Found a staircase to the Lair.
  8908 | D:10     | 8908 ||| Stepping ~*~*~tactically~*~*~ (water).
  8913 | D:10     | 8913 ||| INVOKING Heroism.
  9158 | D:10     | 9158 ||| INVOKING Heroism.
  9207 | D:10     | Found Luonta's Magic Scroll Boutique.
  9210 | D:10     | 9210 ||| BUYING scroll of brand weapon (104 gold).
  9210 | D:10     | Bought a scroll of brand weapon for 104 gold pieces
  9210 | D:10     | 9210 ||| BUYING scroll of identify (22 gold).
  9210 | D:10     | Bought a scroll of identify for 22 gold pieces
  9210 | D:10     | 9210 ||| BUYING scroll of identify (22 gold).
  9210 | D:10     | Bought a scroll of identify for 22 gold pieces
  9407 | D:10     | Found a stormy altar of Qazlal.
  9409 | D:10     | Identified the +6 hand axe of Evolution {elec, +Blink rF+
                  | SInv}
  9411 | D:10     | 9411 ||| SWAPPING to +6 hand axe of Evolution {elec, +Blink
                  | rF+ SInv}.
  9413 | D:10     | Found a blossoming altar of Fedhas.
  9414 | D:10     | 9414 ||| INVOKING Heroism.
  9439 | D:10     | Reached skill level 6 in Invocations
  9478 | D:10     | 9478 ||| Stepping ~*~*~tactically~*~*~ (stealth).
  9699 | D:10     | 9699 ||| PLANNING LAIR
  9699 | D:10     | 9699 ||| READING scroll labelled HOVONK MAWEU.
  9700 | D:10     | 9700 ||| READING 3 scrolls of identify.
  9700 | D:10     | 9700 ||| IDENTIFYING bubbling grey potion
  9701 | D:10     | 9701 ||| DROPPING potion of flight.
  9753 | Lair:1   | Entered Level 1 of the Lair of Beasts
  9800 | Lair:1   | 9800 ||| Stepping ~*~*~tactically~*~*~ (stealth).
  9809 | Lair:1   | 9809 ||| Stepping ~*~*~tactically~*~*~ (stealth).
  9810 | Lair:1   | 9810 ||| Stepping ~*~*~tactically~*~*~ (stealth).
  9819 | Lair:1   | 9819 ||| INVOKING Heroism.
  9900 | Lair:1   | 9900 ||| Stepping ~*~*~tactically~*~*~ (stealth).
  9901 | Lair:1   | 9901 ||| Stepping ~*~*~tactically~*~*~ (stealth).
  9917 | Lair:1   | 9917 ||| Stepping ~*~*~tactically~*~*~ (stealth).
  9931 | Lair:1   | 9931 ||| READING scroll of enchant armour.
  9931 | Lair:1   | 9931 ||| ENCHANTING +0 pair of boots.
 10006 | Lair:1   | 10006 ||| Stepping ~*~*~tactically~*~*~ (stealth).
 10008 | Lair:1   | 10008 ||| INVOKING Heroism.
 10121 | Lair:1   | 10121 ||| Stepping ~*~*~tactically~*~*~ (stealth).
 10155 | Lair:1   | 10155 ||| INVOKING Heroism.
 10192 | Lair:1   | Reached ***** piety under Okawaru
 10385 | Lair:1   | 10385 ||| Stepping ~*~*~tactically~*~*~ (hiding).
 10845 | Lair:1   | 10845 ||| DROPPING ring of wizardry.
 10885 | Lair:2   | Noticed Urug
 10886 | Lair:2   | 10886 ||| INVOKING Heroism.
 10887 | Lair:2   | 10887 ||| INVOKING Finesse.
 10892 | Lair:2   | Reached XP level 12. HP: 50/73 MP: 10/18
 10893 | Lair:2   | 10893 ||| STAIRDANCE
 10905 | Lair:1   | Killed Urug
 11017 | Lair:2   | Received a gift from Okawaru
 11057 | Lair:2   | 11057 ||| FLEEEEING.
 11058 | Lair:2   | 11058 ||| FLEEEEING.
 11059 | Lair:2   | 11059 ||| FLEEEEING.
 11063 | Lair:2   | 11063 ||| STAIRDANCE
 11144 | Lair:2   | Noticed Erica
 11145 | Lair:2   | 11145 ||| INVOKING Heroism.
 11146 | Lair:2   | 11146 ||| INVOKING Finesse.
 11155 | Lair:2   | Killed Erica
 11156 | Lair:2   | Reached skill level 3 in Throwing
 11156 | Lair:2   | Reached skill level 9 in Invocations
 11185 | Lair:2   | Identified the +2 ring mail of the Volcano {Int+4}
 11279 | Lair:2   | 11279 ||| Stepping ~*~*~tactically~*~*~ (stealth).
 11358 | Lair:2   | 11358 ||| Stepping ~*~*~tactically~*~*~ (stealth).
 11359 | Lair:2   | 11359 ||| INVOKING Heroism.
 11483 | Lair:2   | 11483 ||| INVOKING Heroism.
 11566 | Lair:2   | 11566 ||| Stepping ~*~*~tactically~*~*~ (stealth).
 11567 | Lair:2   | 11567 ||| Stepping ~*~*~tactically~*~*~ (stealth).
 11568 | Lair:2   | 11568 ||| Stepping ~*~*~tactically~*~*~ (stealth).
 11571 | Lair:2   | 11571 ||| Stepping ~*~*~tactically~*~*~ (stealth).
 11572 | Lair:2   | 11572 ||| Stepping ~*~*~tactically~*~*~ (stealth).
 11575 | Lair:2   | 11575 ||| Stepping ~*~*~tactically~*~*~ (stealth).
 11583 | Lair:2   | 11583 ||| Stepping ~*~*~tactically~*~*~ (stealth).
 11585 | Lair:2   | 11585 ||| Stepping ~*~*~tactically~*~*~ (stealth).
 11588 | Lair:2   | 11588 ||| INVOKING Heroism.
 11597 | Lair:2   | Reached skill level 9 in Fighting
 11859 | Lair:2   | 11859 ||| INVOKING Heroism.
 11868 | Lair:2   | Identified the +0 pair of boots of Elare {Will+} (Okawaru
                  | gifted it to you on level 2 of the Lair of Beasts)
 11868 | Lair:2   | Received a gift from Okawaru
 11944 | Lair:2   | Found a staircase to the Swamp.
 11945 | Lair:2   | 11945 ||| Stepping ~*~*~tactically~*~*~ (hiding).
 11947 | Lair:2   | 11947 ||| INVOKING Heroism.
 12060 | Lair:2   | 12060 ||| INVOKING Heroism.
 12118 | Lair:2   | 12118 ||| UPGRADING to +0 pair of boots of Elare {Will+}.
 12128 | Lair:2   | 12128 ||| READING scroll labelled MEITHR PEMPOVUL.
 12129 | Lair:2   | 12129 ||| READING 4 scrolls of identify.
 12129 | Lair:2   | 12129 ||| IDENTIFYING green potion
 12130 | Lair:2   | 12130 ||| READING 3 scrolls of identify.
 12130 | Lair:2   | 12130 ||| IDENTIFYING golden potion
 12131 | Lair:2   | 12131 ||| DROPPING potion of berserk rage.
 12166 | Lair:3   | 12166 ||| INVOKING Heroism.
 12186 | Lair:3   | Reached skill level 12 in Axes
 12269 | Lair:3   | 12269 ||| INVOKING Heroism.
 12306 | Lair:3   | 12306 ||| Stepping ~*~*~tactically~*~*~ (stealth).
 12341 | Lair:3   | 12341 ||| Stepping ~*~*~tactically~*~*~ (stealth).
 12343 | Lair:3   | 12343 ||| INVOKING Heroism.
 12345 | Lair:3   | 12345 ||| Stepping ~*~*~tactically~*~*~ (stealth).
 12355 | Lair:3   | Reached XP level 13. HP: 69/80 MP: 18/20
 12411 | Lair:3   | 12411 ||| INVOKING Heroism.
 12454 | Lair:3   | Found a staircase to the Snake Pit.
 12476 | Lair:3   | Reached skill level 9 in Armour
 12658 | Lair:3   | 12658 ||| INVOKING Heroism.
 12736 | Lair:3   | 12736 ||| Stepping ~*~*~tactically~*~*~ (stealth).
 12738 | Lair:3   | 12738 ||| Stepping ~*~*~tactically~*~*~ (stealth).
 12750 | Lair:3   | 12750 ||| Stepping ~*~*~tactically~*~*~ (stealth).
 12752 | Lair:3   | 12752 ||| Stepping ~*~*~tactically~*~*~ (stealth).
 12754 | Lair:3   | 12754 ||| INVOKING Heroism.
 12782 | Lair:3   | Reached skill level 10 in Fighting
 13126 | Lair:4   | 13126 ||| INVOKING Heroism.
 13164 | Lair:4   | 13164 ||| READING scroll of enchant armour.
 13164 | Lair:4   | 13164 ||| ENCHANTING +0 plate armour.
 13290 | Lair:4   | 13290 ||| Stepping ~*~*~tactically~*~*~ (hiding).
 13291 | Lair:4   | 13291 ||| Stepping ~*~*~tactically~*~*~ (hiding).
 13292 | Lair:4   | 13292 ||| Stepping ~*~*~tactically~*~*~ (hiding).
 13471 | Lair:4   | 13471 ||| INVOKING Heroism.
 13472 | Lair:4   | 13472 ||| SWAPPING to +2 morningstar of holy wrath.
 13473 | Lair:4   | 13473 ||| INVOKING Finesse.
 13480 | Lair:4   | 13480 ||| SWAPPING to +6 hand axe of Evolution {elec,
                  | +Blink rF+ SInv}.
 13570 | Lair:4   | 13570 ||| Stepping ~*~*~tactically~*~*~ (hiding).
 13572 | Lair:4   | 13572 ||| INVOKING Heroism.
 13573 | Lair:4   | 13573 ||| INVOKING Finesse.
 13670 | Lair:4   | 13670 ||| INVOKING Heroism.
 13767 | Lair:4   | 13767 ||| INVOKING Heroism.
 13778 | Lair:4   | Received a gift from Okawaru
 13798 | Lair:4   | Identified the +5 broad axe "Undertaker" {vorpal, rElec rN+
                  | SInv} (Okawaru gifted it to you on level 4 of the Lair of
                  | Beasts)
 13798 | Lair:4   | Received a gift from Okawaru
 13805 | Lair:4   | 13805 ||| INVOKING Finesse.
 13850 | Lair:4   | 13850 ||| SWAPPING to +5 broad axe "Undertaker" {vorpal,
                  | rElec rN+ SInv}.
 13851 | Lair:4   | 13851 ||| DROPPING +0 war axe.
 13852 | Lair:4   | 13852 ||| DROPPING +2 vampiric hand axe.
 13853 | Lair:4   | 13853 ||| DROPPING +6 hand axe of Evolution {elec, +Blink
                  | rF+ SInv}.
 13888 | Lair:4   | 13888 ||| INVOKING Heroism.
 13889 | Lair:4   | 13889 ||| INVOKING Finesse.
 13891 | Lair:4   | 13891 ||| Stepping ~*~*~tactically~*~*~ (stealth).
 13892 | Lair:4   | 13892 ||| SWAPPING to +2 morningstar of holy wrath.
 13894 | Lair:4   | 13894 ||| Stepping ~*~*~tactically~*~*~ (outnumbered).
 13895 | Lair:4   | 13895 ||| Stepping ~*~*~tactically~*~*~ (hiding).
 13896 | Lair:4   | 13896 ||| Stepping ~*~*~tactically~*~*~ (outnumbered).
 13897 | Lair:4   | 13897 ||| Stepping ~*~*~tactically~*~*~ (hiding).
 13901 | Lair:4   | 13901 ||| Stepping ~*~*~tactically~*~*~ (outnumbered).
 13903 | Lair:4   | 13903 ||| Stepping ~*~*~tactically~*~*~ (outnumbered).
 13909 | Lair:4   | 13909 ||| SWAPPING to +5 broad axe "Undertaker" {vorpal,
                  | rElec rN+ SInv}.
 14200 | Lair:4   | 14200 ||| UPGRADING to +0 helmet.
 14210 | Lair:4   | 14210 ||| READING 4 scrolls of identify.
 14210 | Lair:4   | 14210 ||| IDENTIFYING bubbling clear potion
 14246 | Lair:5   | Entered Level 5 of the Lair of Beasts
 14247 | Lair:5   | 14247 ||| INVOKING Heroism.
 14249 | Lair:5   | 14249 ||| STAIRDANCE
 14261 | Lair:5   | 14261 ||| STAIRDANCE
 14375 | Lair:5   | 14375 ||| STAIRDANCE
 14377 | Lair:4   | 14377 ||| INVOKING Heroism.
 14443 | Lair:5   | 14443 ||| Stepping ~*~*~tactically~*~*~ (stealth).
 14444 | Lair:5   | 14444 ||| Stepping ~*~*~tactically~*~*~ (stealth).
 14445 | Lair:5   | 14445 ||| INVOKING Heroism.
 14537 | Lair:5   | 14537 ||| INVOKING Heroism.
 14542 | Lair:5   | 14542 ||| Stepping ~*~*~tactically~*~*~ (stealth).
 14562 | Lair:5   | Gained mutation: Your large and strong wings let you fly.
                  | [Gargoyle growth]
 14562 | Lair:5   | Reached XP level 14. HP: 84/88 MP: 21/21
 14565 | Lair:5   | 14565 ||| Stepping ~*~*~tactically~*~*~ (stealth).
 14568 | Lair:5   | Received a gift from Okawaru
 14621 | Lair:5   | Found a viscous altar of Jiyva.
 14621 | Lair:5   | Found a staircase to the Slime Pits.
 14622 | Lair:5   | 14622 ||| Stepping ~*~*~tactically~*~*~ (stealth).
 14672 | Lair:5   | 14672 ||| INVOKING Heroism.
 14683 | Lair:5   | Received a gift from Okawaru
 14684 | Lair:5   | Reached skill level 11 in Fighting
 14711 | Lair:5   | 14711 ||| Stepping ~*~*~tactically~*~*~ (stealth).
 14712 | Lair:5   | 14712 ||| Stepping ~*~*~tactically~*~*~ (stealth).
 14714 | Lair:5   | 14714 ||| Stepping ~*~*~tactically~*~*~ (hiding).
 14716 | Lair:5   | 14716 ||| Stepping ~*~*~tactically~*~*~ (hiding).
 14732 | Lair:5   | 14732 ||| DROPPING +2 broad axe of draining.
 14835 | Lair:5   | 14835 ||| Stepping ~*~*~tactically~*~*~ (stealth).
 14967 | Lair:5   | 14967 ||| INVOKING Heroism.
 14969 | Lair:5   | 14969 ||| INVOKING Finesse.
 15033 | Lair:5   | 15033 ||| Stepping ~*~*~tactically~*~*~ (stealth).
 15034 | Lair:5   | 15034 ||| Stepping ~*~*~tactically~*~*~ (stealth).
 15036 | Lair:5   | 15036 ||| Stepping ~*~*~tactically~*~*~ (hiding).
 15037 | Lair:5   | 15037 ||| Stepping ~*~*~tactically~*~*~ (hiding).
 15041 | Lair:5   | 15041 ||| INVOKING Heroism.
 15094 | Lair:5   | 15094 ||| Stepping ~*~*~tactically~*~*~ (stealth).
 15097 | Lair:5   | 15097 ||| Stepping ~*~*~tactically~*~*~ (hiding).
 15099 | Lair:5   | 15099 ||| Stepping ~*~*~tactically~*~*~ (hiding).
 15102 | Lair:5   | 15102 ||| INVOKING Heroism.
 15103 | Lair:5   | 15103 ||| INVOKING Finesse.
 15153 | Lair:5   | 15153 ||| Stepping ~*~*~tactically~*~*~ (stealth).
 15240 | Lair:5   | 15240 ||| INVOKING Heroism.
 15241 | Lair:5   | 15241 ||| Stepping ~*~*~tactically~*~*~ (stealth).
 15243 | Lair:5   | 15243 ||| INVOKING Finesse.
 15245 | Lair:5   | 15245 ||| Stepping ~*~*~tactically~*~*~ (stealth).
 15254 | Lair:5   | 15254 ||| Stepping ~*~*~tactically~*~*~ (stealth).
 15255 | Lair:5   | 15255 ||| Stepping ~*~*~tactically~*~*~ (stealth).
 15262 | Lair:5   | Reached skill level 12 in Shields
 15335 | Lair:5   | 15335 ||| INVOKING Heroism.
 15336 | Lair:5   | 15336 ||| INVOKING Finesse.
 15396 | Lair:5   | 15396 ||| INVOKING Heroism.
 15432 | Lair:5   | Identified the +4 battleaxe "Samogh" {drain, rN+}
 15482 | Lair:5   | 15482 ||| Stepping ~*~*~tactically~*~*~ (stealth).
 15485 | Lair:5   | 15485 ||| Stepping ~*~*~tactically~*~*~ (stealth).
 15504 | Lair:5   | Received a gift from Okawaru
 15692 | Lair:5   | 15692 ||| INVOKING Heroism.
 15693 | Lair:5   | 15693 ||| INVOKING Finesse.
 15695 | Lair:5   | 15695 ||| SWAPPING to +2 morningstar of holy wrath.
 15698 | Lair:5   | 15698 ||| Stepping ~*~*~tactically~*~*~ (outnumbered).
 15699 | Lair:5   | 15699 ||| Stepping ~*~*~tactically~*~*~ (outnumbered).
 15708 | Lair:5   | Reached skill level 6 in Throwing
 15708 | Lair:5   | 15708 ||| SWAPPING to +5 broad axe "Undertaker" {vorpal,
                  | rElec rN+ SInv}.
 15840 | Lair:5   | 15840 ||| Stepping ~*~*~tactically~*~*~ (stealth).
 15858 | Lair:5   | 15858 ||| Stepping ~*~*~tactically~*~*~ (cloud).
 15916 | Lair:5   | 15916 ||| INVOKING Heroism.
 15917 | Lair:5   | 15917 ||| INVOKING Finesse.
 15957 | Lair:5   | Received a gift from Okawaru
 15994 | Lair:5   | Identified the +9 falchion "Ritwem" {vorpal, *Rage +Blink
                  | rElec Dex-4}
 16079 | Lair:5   | 16079 ||| PLANNING D:1-11
 16079 | Lair:5   | 16079 ||| DROPPING +2 helmet of the Sea {rPois rN+++ Str-5
                  | Int-5}.
 16080 | Lair:5   | 16080 ||| UPGRADING to +1 helmet.
 16090 | Lair:5   | 16090 ||| DROPPING +0 helmet.
 16091 | Lair:5   | 16091 ||| DROPPING ring of positive energy.
 16092 | Lair:5   | 16092 ||| READING 4 scrolls of identify.
 16092 | Lair:5   | 16092 ||| IDENTIFYING fizzy silvery potion
 16093 | Lair:5   | 16093 ||| DROPPING potion of degeneration.
 16292 | D:11     | Reached skill level 15 in Axes
 16410 | D:11     | 16410 ||| Stepping ~*~*~tactically~*~*~ (hiding).
 16412 | D:11     | 16412 ||| Stepping ~*~*~tactically~*~*~ (hiding).
 16479 | D:11     | 16479 ||| Stepping ~*~*~tactically~*~*~ (hiding).
 16480 | D:11     | 16480 ||| Stepping ~*~*~tactically~*~*~ (hiding).
 16667 | D:11     | 16667 ||| READING scroll of enchant armour.
 16667 | D:11     | 16667 ||| ENCHANTING +1 helmet.
 16669 | D:11     | 16669 ||| INVOKING Heroism.
 16674 | D:11     | 16674 ||| Stepping ~*~*~tactically~*~*~ (hiding).
 16697 | D:11     | Reached XP level 15. HP: 77/96 MP: 22/22
 16759 | D:11     | 16759 ||| Stepping ~*~*~tactically~*~*~ (hiding).
 16762 | D:11     | 16762 ||| INVOKING Heroism.
 17110 | D:11     | 17110 ||| PLANNING D
 17146 | D:12     | Noticed Snorg
 17147 | D:12     | 17147 ||| STAIRDANCE
 17149 | D:11     | 17149 ||| INVOKING Finesse.
 17161 | D:11     | 17161 ||| INVOKING Heroism.
 17162 | D:11     | Killed Snorg
 17163 | D:11     | Reached skill level 3 in Dodging
 17196 | D:12     | 17196 ||| STAIRDANCE
 17201 | D:11     | Reached skill level 12 in Fighting
 17382 | D:12     | 17382 ||| Stepping ~*~*~tactically~*~*~ (stealth).
 17544 | D:12     | 17544 ||| Stepping ~*~*~tactically~*~*~ (stealth).
 17548 | D:12     | Noticed Nessos
 17548 | D:12     | 17548 ||| Stepping ~*~*~tactically~*~*~ (hiding).
 17550 | D:12     | 17550 ||| INVOKING Heroism.
 17551 | D:12     | 17551 ||| INVOKING Finesse.
 17564 | D:12     | Found a staircase to the Orcish Mines.
 17570 | D:12     | Killed Nessos
 17768 | D:12     | Found a runed translucent gate.
 17773 | D:12     | Found a runed translucent gate.
 18030 | D:12     | Found a runed translucent gate.
 18032 | D:12     | Noticed qw's ghost (journeyman GrFi)
 18060 | D:12     | 18060 ||| UPGRADING to +4 ring of evasion.
 18062 | D:12     | 18062 ||| DROPPING ring of see invisible.
 18063 | D:12     | 18063 ||| DROPPING +6 ring of strength.
 18090 | D:13     | 18090 ||| STAIRDANCE
 18222 | D:13     | 18222 ||| Stepping ~*~*~tactically~*~*~ (stealth).
 18226 | D:13     | 18226 ||| Stepping ~*~*~tactically~*~*~ (stealth).
 18241 | D:13     | 18241 ||| INVOKING Heroism.
 18524 | D:13     | 18524 ||| INVOKING Heroism.
 18527 | D:13     | 18527 ||| Stepping ~*~*~tactically~*~*~ (stealth).
 18538 | D:13     | 18538 ||| STAIRDANCE
 18600 | D:12     | 18600 ||| DROPPING amulet of faith.
 18601 | D:12     | 18601 ||| READING 3 scrolls of identify.
 18601 | D:12     | 18601 ||| IDENTIFYING sapphire potion
 18602 | D:12     | 18602 ||| DROPPING potion of brilliance.
 18709 | D:13     | 18709 ||| Stepping ~*~*~tactically~*~*~ (stealth).
 18763 | D:13     | 18763 ||| INVOKING Heroism.
 19151 | D:13     | 19151 ||| DROPPING scarf of harm.
 19177 | D:14     | 19177 ||| Stepping ~*~*~tactically~*~*~ (hiding).
 19227 | D:14     | 19227 ||| Stepping ~*~*~tactically~*~*~ (hiding).
 19244 | D:14     | 19244 ||| Stepping ~*~*~tactically~*~*~ (stealth).
 19246 | D:14     | 19246 ||| Stepping ~*~*~tactically~*~*~ (hiding).
 19280 | D:14     | 19280 ||| Stepping ~*~*~tactically~*~*~ (hiding).
 19286 | D:14     | Noticed Frances
 19287 | D:14     | 19287 ||| INVOKING Heroism.
 19288 | D:14     | 19288 ||| INVOKING Finesse.
 19298 | D:14     | Received a gift from Okawaru
 19322 | D:14     | Killed Frances
 19375 | D:14     | 19375 ||| Stepping ~*~*~tactically~*~*~ (hiding).
 19376 | D:14     | 19376 ||| Stepping ~*~*~tactically~*~*~ (hiding).
 19378 | D:14     | 19378 ||| INVOKING Heroism.
 19439 | D:14     | 19439 ||| Stepping ~*~*~tactically~*~*~ (hiding).
 19443 | D:14     | 19443 ||| INVOKING Heroism.
 19464 | D:14     | Received a gift from Okawaru
 19555 | D:14     | 19555 ||| INVOKING Heroism.
 19792 | D:14     | Found a gate to the Vaults.
 19796 | D:14     | 19796 ||| Stepping ~*~*~tactically~*~*~ (hiding).
 19805 | D:14     | 19805 ||| INVOKING Heroism.
 19811 | D:14     | Received a gift from Okawaru
 19864 | D:14     | 19864 ||| FLEEEEING.
 19865 | D:14     | 19865 ||| FLEEEEING.
 19868 | D:14     | 19868 ||| FLEEEEING.
 19870 | D:14     | 19870 ||| INVOKING Heroism.
 19891 | D:14     | 19891 ||| INVOKING Heroism.
 19895 | D:14     | Identified the +0 cloak of the Depths {+Blink +Inv Str-2
                  | SInv} (Okawaru gifted it to you on level 14 of the Dungeon)
 19895 | D:14     | Received a gift from Okawaru
 20164 | D:14     | 20164 ||| INVOKING Heroism.
 20208 | D:14     | 20208 ||| Stepping ~*~*~tactically~*~*~ (hiding).
 20211 | D:14     | 20211 ||| Stepping ~*~*~tactically~*~*~ (stealth).
 20228 | D:14     | 20228 ||| Stepping ~*~*~tactically~*~*~ (stealth).
 20251 | D:14     | Noticed Josephine
 20294 | D:14     | Killed Josephine
 20319 | D:14     | 20319 ||| Stepping ~*~*~tactically~*~*~ (stealth).
 20428 | D:14     | Reached XP level 16. HP: 95/101 MP: 23/23
 20641 | D:14     | 20641 ||| UPGRADING to +0 cloak of the Depths {+Blink +Inv
                  | Str-2 SInv}.
 20646 | D:14     | 20646 ||| READING scroll labelled CUAJOU CUTA.
 20692 | D:15     | Entered Level 15 of the Dungeon
 20693 | D:15     | 20693 ||| STAIRDANCE
 20701 | D:15     | 20701 ||| INVOKING Heroism.
 20812 | D:15     | 20812 ||| Stepping ~*~*~tactically~*~*~ (stealth).
 20813 | D:15     | 20813 ||| Stepping ~*~*~tactically~*~*~ (stealth).
 20845 | D:15     | 20845 ||| Stepping ~*~*~tactically~*~*~ (hiding).
 20846 | D:15     | 20846 ||| Stepping ~*~*~tactically~*~*~ (hiding).
 20859 | D:15     | 20859 ||| Stepping ~*~*~tactically~*~*~ (stealth).
 20901 | D:15     | 20901 ||| Stepping ~*~*~tactically~*~*~ (hiding).
 20984 | D:15     | Noticed Rupert
 20985 | D:15     | 20985 ||| Stepping ~*~*~tactically~*~*~ (stealth).
 20986 | D:15     | 20986 ||| Stepping ~*~*~tactically~*~*~ (stealth).
 21012 | D:15     | 21012 ||| INVOKING Heroism.
 21034 | D:15     | 21034 ||| Stepping ~*~*~tactically~*~*~ (stealth).
 21204 | D:15     | Found Kidedgh's Specific Store.
 21205 | D:15     | Found Hufy's General Store.
 21207 | D:15     | Found a bloodstained altar of Trog.
 21225 | D:15     | 21225 ||| BUYING potion of curing (36 gold).
 21225 | D:15     | Bought a potion of curing for 36 gold pieces
 21229 | D:15     | 21229 ||| BUYING +1 helmet of see invisible (280 gold).
 21229 | D:15     | Bought a +1 helmet of see invisible for 280 gold pieces
 21229 | D:15     | 21229 ||| BUYING potion of attraction (51 gold).
 21229 | D:15     | Bought a potion of attraction for 51 gold pieces
 21229 | D:15     | 21229 ||| BUYING potion of cancellation (136 gold).
 21229 | D:15     | Bought a potion of cancellation for 136 gold pieces
 21229 | D:15     | 21229 ||| BUYING potion of haste (170 gold).
 21229 | D:15     | Bought a potion of haste for 170 gold pieces
 21260 | D:15     | 21260 ||| INVOKING Heroism.
 21748 | D:15     | 21748 ||| INVOKING Heroism.
 21749 | D:15     | 21749 ||| INVOKING Finesse.
 21761 | D:15     | Paralysed by Rupert for 3 turns
 21766 | D:15     | Killed Rupert
 21775 | D:15     | Reached skill level 12 in Armour
 21845 | D:15     | 21845 ||| Stepping ~*~*~tactically~*~*~ (stealth).
 21847 | D:15     | 21847 ||| Stepping ~*~*~tactically~*~*~ (stealth).
 21850 | D:15     | 21850 ||| Stepping ~*~*~tactically~*~*~ (stealth).
 21960 | D:15     | 21960 ||| INVOKING Heroism.
 21962 | D:15     | 21962 ||| Stepping ~*~*~tactically~*~*~ (stealth).
 22157 | D:15     | 22157 ||| Stepping ~*~*~tactically~*~*~ (hiding).
 22169 | D:15     | 22169 ||| INVOKING Heroism.
 22175 | D:15     | 22175 ||| Stepping ~*~*~tactically~*~*~ (hiding).
 22227 | D:15     | 22227 ||| Stepping ~*~*~tactically~*~*~ (stealth).
 22229 | D:15     | 22229 ||| INVOKING Heroism.
 22276 | D:15     | Found a staircase to the Depths.
 22362 | D:15     | 22362 ||| PLANNING ORC
 22362 | D:15     | 22362 ||| UPGRADING to +0 pair of gloves.
 22462 | Orc:1    | Entered Level 1 of the Orcish Mines
 22462 | Orc:1    | Found Kufrid's Magic Scroll Emporium.
 22463 | Orc:1    | 22463 ||| INVOKING Heroism.
 22493 | Orc:1    | 22493 ||| INVOKING Finesse.
 22527 | Orc:1    | 22527 ||| Stepping ~*~*~tactically~*~*~ (stealth).
 22560 | Orc:1    | 22560 ||| BUYING scroll of enchant armour (90 gold).
 22560 | Orc:1    | Bought a scroll of enchant armour for 90 gold pieces
 22560 | Orc:1    | 22560 ||| BUYING scroll of identify (24 gold).
 22560 | Orc:1    | Bought a scroll of identify for 24 gold pieces
 22560 | Orc:1    | 22560 ||| BUYING scroll of identify (24 gold).
 22560 | Orc:1    | Bought a scroll of identify for 24 gold pieces
 22560 | Orc:1    | 22560 ||| READING scroll of enchant armour.
 22560 | Orc:1    | 22560 ||| ENCHANTING +0 pair of gloves.
 22563 | Orc:1    | Found Xadec's Distillery.
 22565 | Orc:1    | You are sucked into a shaft and drop 1 floor!
 22565 | Orc:2    | Entered Level 2 of the Orcish Mines
 22568 | Orc:2    | 22568 ||| INVOKING Heroism.
 22571 | Orc:2    | Reached skill level 13 in Fighting
 22582 | Orc:2    | 22582 ||| Stepping ~*~*~tactically~*~*~ (stealth).
 22607 | Orc:2    | 22607 ||| INVOKING Heroism.
 22611 | Orc:2    | HP: 16/104 [orc high priest/divine providence (17)]
 22612 | Orc:2    | 22612 ||| READING 7 scrolls of teleportation.
 22613 | Orc:2    | 22613 ||| DRINKING 5 potions of heal wounds.
 22616 | Orc:2    | HP: 20/104 [orc high priest/divine providence (13)]
 22617 | Orc:2    | 22617 ||| DRINKING 4 potions of heal wounds.
 22769 | Orc:2    | 22769 ||| Stepping ~*~*~tactically~*~*~ (stealth).
 22770 | Orc:2    | 22770 ||| Stepping ~*~*~tactically~*~*~ (stealth).
 22771 | Orc:2    | 22771 ||| INVOKING Heroism.
 22774 | Orc:2    | 22774 ||| INVOKING Finesse.
 22795 | Orc:2    | Received a gift from Okawaru
 22910 | Orc:2    | 22910 ||| Stepping ~*~*~tactically~*~*~ (stealth).
 22921 | Orc:2    | 22921 ||| Stepping ~*~*~tactically~*~*~ (stealth).
 23057 | Orc:2    | 23057 ||| Stepping ~*~*~tactically~*~*~ (stealth).
 23058 | Orc:2    | 23058 ||| INVOKING Heroism.
 23160 | Orc:2    | 23160 ||| Stepping ~*~*~tactically~*~*~ (stealth).
 23161 | Orc:2    | 23161 ||| UPGRADING to +2 kite shield.
 23167 | Orc:2    | 23167 ||| UPGRADING to +0 kite shield.
 23172 | Orc:2    | 23172 ||| UPGRADING to +2 kite shield.
 23182 | Orc:2    | 23182 ||| DROPPING +0 kite shield.
 23192 | Orc:1    | 23192 ||| INVOKING Heroism.
 23209 | Orc:1    | Found Cooduv's Magic Scroll Boutique.
 23231 | Orc:1    | 23231 ||| BUYING potion of attraction (39 gold).
 23231 | Orc:1    | Bought a potion of attraction for 39 gold pieces
 23231 | Orc:1    | 23231 ||| BUYING potion of curing (39 gold).
 23231 | Orc:1    | Bought a potion of curing for 39 gold pieces
 23231 | Orc:1    | 23231 ||| BUYING potion of heal wounds (65 gold).
 23231 | Orc:1    | Bought a potion of heal wounds for 65 gold pieces
 23231 | Orc:1    | 23231 ||| BUYING potion of lignification (39 gold).
 23231 | Orc:1    | Bought a potion of lignification for 39 gold pieces
 23272 | Orc:1    | 23272 ||| Stepping ~*~*~tactically~*~*~ (hiding).
 23275 | Orc:1    | 23275 ||| INVOKING Heroism.
 23301 | Orc:1    | 23301 ||| Stepping ~*~*~tactically~*~*~ (stealth).
 23308 | Orc:1    | 23308 ||| INVOKING Heroism.
 23382 | Orc:1    | 23382 ||| Stepping ~*~*~tactically~*~*~ (stealth).
 23388 | Orc:1    | 23388 ||| Stepping ~*~*~tactically~*~*~ (hiding).
 23391 | Orc:1    | 23391 ||| Stepping ~*~*~tactically~*~*~ (hiding).
 23395 | Orc:1    | 23395 ||| Stepping ~*~*~tactically~*~*~ (hiding).
 23518 | Orc:1    | Found Bingel Java's Book Shoppe.
 23596 | Orc:1    | 23596 ||| BUYING scroll of identify (30 gold).
 23596 | Orc:1    | Bought a scroll of identify for 30 gold pieces
 23596 | Orc:1    | 23596 ||| BUYING scroll of identify (30 gold).
 23596 | Orc:1    | Bought a scroll of identify for 30 gold pieces
 23596 | Orc:1    | 23596 ||| BUYING scroll of identify (30 gold).
 23596 | Orc:1    | Bought a scroll of identify for 30 gold pieces
 23596 | Orc:1    | 23596 ||| BUYING scroll of identify (30 gold).
 23596 | Orc:1    | Bought a scroll of identify for 30 gold pieces
 23596 | Orc:1    | 23596 ||| BUYING scroll of teleportation (45 gold).
 23596 | Orc:1    | Bought a scroll of teleportation for 45 gold pieces
 23596 | Orc:1    | 23596 ||| BUYING scroll of teleportation (45 gold).
 23596 | Orc:1    | Bought a scroll of teleportation for 45 gold pieces
 23787 | Orc:1    | Found a runed translucent door.
 24031 | Orc:2    | Found Osyhepn's Assorted Antiques.
 24031 | Orc:2    | Found Sumoph's Jewellery Shoppe.
 24032 | Orc:2    | Found Ithrubleh's Book Emporium.
 24033 | Orc:2    | 24033 ||| Stepping ~*~*~tactically~*~*~ (hiding).
 24034 | Orc:2    | 24034 ||| Stepping ~*~*~tactically~*~*~ (hiding).
 24050 | Orc:2    | 24050 ||| Stepping ~*~*~tactically~*~*~ (stealth).
 24051 | Orc:2    | 24051 ||| Stepping ~*~*~tactically~*~*~ (stealth).
 24068 | Orc:2    | 24068 ||| Stepping ~*~*~tactically~*~*~ (hiding).
 24091 | Orc:2    | 24091 ||| Stepping ~*~*~tactically~*~*~ (hiding).
 24095 | Orc:2    | 24095 ||| INVOKING Heroism.
 24104 | Orc:2    | 24104 ||| Stepping ~*~*~tactically~*~*~ (hiding).
 24105 | Orc:2    | 24105 ||| Stepping ~*~*~tactically~*~*~ (hiding).
 24135 | Orc:2    | Found Pade's Jewellery Emporium.
 24138 | Orc:2    | 24138 ||| BUYING scroll of enchant weapon (247 gold).
 24138 | Orc:2    | Bought a scroll of enchant weapon for 247 gold pieces
 24139 | Orc:2    | 24139 ||| BUYING amulet "Okhliadd" {Spirit rCorr Dex+4}
                  | (663 gold).
 24139 | Orc:2    | Bought the amulet "Okhliadd" {Spirit rCorr Dex+4} for 663
                  | gold pieces
 24139 | Orc:2    | 24139 ||| SHOPLISTING ring "Gusaojay" {rC+ rCorr Dex+5}
                  | (578 gold, have 322).
 24139 | Orc:2    | 24139 ||| SHOPLISTING ring of ice (325 gold, have 322).
 24139 | Orc:2    | 24139 ||| SHOPLISTING ring of protection from cold (325
                  | gold, have 322).
 24139 | Orc:2    | 24139 ||| SHOPLISTING ring of the Ageless Ships {rElec
                  | rPois rC- Str+8 SInv} (559 gold, have 322).
 24141 | Orc:2    | 24141 ||| SHOPLISTING ring "Pisew" {rC+ Will+ SInv} (484
                  | gold, have 322).
 24141 | Orc:2    | 24141 ||| SHOPLISTING ring of Poshro {Fire rPois Str+5
                  | Dex-4 Stlth+} (575 gold, have 322).
 24141 | Orc:2    | 24141 ||| SHOPLISTING ring of protection from cold (350
                  | gold, have 322).
 24153 | Orc:2    | 24153 ||| Stepping ~*~*~tactically~*~*~ (hiding).
 24209 | Orc:2    | 24209 ||| Stepping ~*~*~tactically~*~*~ (stealth).
 24211 | Orc:2    | 24211 ||| Stepping ~*~*~tactically~*~*~ (stealth).
 24217 | Orc:2    | 24217 ||| Stepping ~*~*~tactically~*~*~ (stealth).
 24218 | Orc:2    | 24218 ||| Stepping ~*~*~tactically~*~*~ (stealth).
 24244 | Orc:2    | 24244 ||| Stepping ~*~*~tactically~*~*~ (stealth).
 24252 | Orc:2    | 24252 ||| INVOKING Heroism.
 24293 | Orc:2    | Found a staircase to the Elven Halls.
 24492 | Orc:2    | 24492 ||| PLANNING SNAKE:1-3
 24625 | Snake:1  | Entered Level 1 of the Snake Pit
 24625 | Snake:1  | Found Nimiock's Jewellery Boutique.
 24626 | Snake:1  | 24626 ||| INVOKING Heroism.
 24673 | Snake:1  | 24673 ||| SHOPLISTING ring "Zusuux" {rElec rF+ Str+6} (798
                  | gold, have 473).
 24809 | Snake:1  | 24809 ||| Stepping ~*~*~tactically~*~*~ (hiding).
 24810 | Snake:1  | 24810 ||| INVOKING Heroism.
 25351 | Snake:1  | 25351 ||| READING scroll labelled NASANLUZAG.
 25394 | Snake:2  | 25394 ||| Stepping ~*~*~tactically~*~*~ (hiding).
 25395 | Snake:2  | 25395 ||| Stepping ~*~*~tactically~*~*~ (hiding).
 25398 | Snake:2  | 25398 ||| INVOKING Heroism.
 25412 | Snake:2  | Received a gift from Okawaru
 25457 | Snake:2  | Found an ornate altar of the Wu Jian Council.
 25562 | Snake:2  | 25562 ||| Stepping ~*~*~tactically~*~*~ (hiding).
 25603 | Snake:2  | Noticed Siddir's ghost (journeyman MiBe)
 25604 | Snake:2  | 25604 ||| Stepping ~*~*~tactically~*~*~ (hiding).
 25613 | Snake:2  | 25613 ||| INVOKING Heroism.
 25747 | Snake:2  | Found a runed translucent door.
 26021 | Snake:2  | 26021 ||| Stepping ~*~*~tactically~*~*~ (hiding).
 26022 | Snake:2  | 26022 ||| Stepping ~*~*~tactically~*~*~ (hiding).
 26054 | Snake:2  | 26054 ||| Stepping ~*~*~tactically~*~*~ (hiding).
 26068 | Snake:2  | 26068 ||| Stepping ~*~*~tactically~*~*~ (hiding).
 26158 | Snake:2  | 26158 ||| Stepping ~*~*~tactically~*~*~ (hiding).
 26282 | Snake:2  | 26282 ||| Stepping ~*~*~tactically~*~*~ (hiding).
 26287 | Snake:2  | 26287 ||| INVOKING Heroism.
 26320 | Snake:2  | Found Mfuog's Merry Market.
 26335 | Snake:2  | Reached XP level 17. HP: 108/108 MP: 24/24
 26338 | Snake:2  | 26338 ||| BUYING 2 potions of mutation (224 gold).
 26338 | Snake:2  | Bought 2 potions of mutation for 224 gold pieces
 26338 | Snake:2  | 26338 ||| BUYING potion of magic (112 gold).
 26338 | Snake:2  | Bought a potion of magic for 112 gold pieces
 26338 | Snake:2  | 26338 ||| BUYING potion of might (56 gold).
 26338 | Snake:2  | Bought a potion of might for 56 gold pieces
 26385 | Snake:2  | 26385 ||| Stepping ~*~*~tactically~*~*~ (hiding).
 26388 | Snake:2  | 26388 ||| INVOKING Heroism.
 26393 | Snake:2  | Reached skill level 18 in Axes
 26653 | Snake:2  | 26653 ||| Stepping ~*~*~tactically~*~*~ (stealth).
 26662 | Snake:2  | Received a gift from Okawaru
 26664 | Snake:2  | 26664 ||| Stepping ~*~*~tactically~*~*~ (stealth).
 26665 | Snake:2  | 26665 ||| Stepping ~*~*~tactically~*~*~ (stealth).
 26666 | Snake:2  | 26666 ||| INVOKING Heroism.
 26767 | Snake:2  | 26767 ||| Stepping ~*~*~tactically~*~*~ (hiding).
 26997 | Snake:3  | 26997 ||| STAIRDANCE
 27229 | Snake:3  | 27229 ||| INVOKING Heroism.
 27230 | Snake:3  | Received a gift from Okawaru
 27460 | Snake:3  | 27460 ||| Stepping ~*~*~tactically~*~*~ (hiding).
 27657 | Snake:3  | 27657 ||| INVOKING Heroism.
 27662 | Snake:3  | Reached skill level 14 in Fighting
 27766 | Snake:3  | 27766 ||| INVOKING Heroism.
 28092 | Snake:3  | Found Afuxky's Book Boutique.
 28155 | Snake:3  | 28155 ||| Stepping ~*~*~tactically~*~*~ (hiding).
 28290 | Snake:3  | 28290 ||| INVOKING Heroism.
 28427 | Snake:3  | Noticed Mlioglotl
 28428 | Snake:3  | 28428 ||| INVOKING Heroism.
 28429 | Snake:3  | 28429 ||| INVOKING Finesse.
 28455 | Snake:3  | Noticed a bone dragon
 28460 | Snake:3  | Killed Mlioglotl
 28506 | Snake:3  | 28506 ||| Stepping ~*~*~tactically~*~*~ (stealth).
 28508 | Snake:3  | 28508 ||| Stepping ~*~*~tactically~*~*~ (hiding).
 28512 | Snake:3  | 28512 ||| INVOKING Heroism.
 28741 | Snake:3  | 28741 ||| PLANNING SWAMP:1-3
 28741 | Snake:3  | 28741 ||| UPGRADING to +0 cloak.
 28751 | Snake:3  | 28751 ||| UPGRADING to +2 kite shield of fire resistance.
 28761 | Snake:3  | 28761 ||| DROPPING +2 kite shield.
 28762 | Snake:3  | 28762 ||| DROPPING scarf of shadows.
 28763 | Snake:3  | 28763 ||| DROPPING +1 pair of gloves.
 28908 | Swamp:1  | Entered Level 1 of the Swamp
 28910 | Swamp:1  | 28910 ||| INVOKING Heroism.
 29119 | Swamp:1  | 29119 ||| INVOKING Heroism.
 29164 | Swamp:1  | 29164 ||| Stepping ~*~*~tactically~*~*~ (hiding).
 29177 | Swamp:1  | 29177 ||| Stepping randomly (cloudy).
 29178 | Swamp:1  | 29178 ||| Stepping ~*~*~tactically~*~*~ (cloud).
 29238 | Swamp:1  | 29238 ||| INVOKING Heroism.
 29250 | Swamp:1  | 29250 ||| SWAPPING to +2 morningstar of holy wrath.
 29261 | Swamp:1  | 29261 ||| SWAPPING to +5 broad axe "Undertaker" {vorpal,
                  | rElec rN+ SInv}.
 29682 | Swamp:2  | 29682 ||| INVOKING Heroism.
 29722 | Swamp:2  | 29722 ||| INVOKING Finesse.
 29742 | Swamp:2  | Reached skill level 15 in Fighting
 29779 | Swamp:2  | 29779 ||| FLEEEEING.
 29780 | Swamp:2  | 29780 ||| FLEEEEING.
 29786 | Swamp:2  | 29786 ||| STAIRDANCE
 29832 | Swamp:1  | 29832 ||| READING scroll labelled URUP LIEZOGH.
 29913 | Swamp:2  | Received a gift from Okawaru
 29973 | Swamp:2  | 29973 ||| INVOKING Heroism.
 29993 | Swamp:2  | 29993 ||| INVOKING Finesse.
 30001 | Swamp:2  | Noticed Kirke
 30009 | Swamp:2  | 30009 ||| Stepping ~*~*~tactically~*~*~ (hiding).
 30015 | Swamp:2  | 30015 ||| INVOKING Heroism.
 30017 | Swamp:2  | 30017 ||| DRINKING 3 potions of cancellation.
 30028 | Swamp:2  | Killed Kirke
 30031 | Swamp:2  | 30031 ||| SWAPPING to +2 morningstar of holy wrath.
 30035 | Swamp:2  | 30035 ||| Stepping ~*~*~tactically~*~*~ (outnumbered).
 30036 | Swamp:2  | 30036 ||| Stepping ~*~*~tactically~*~*~ (outnumbered).
 30043 | Swamp:2  | 30043 ||| Stepping ~*~*~tactically~*~*~ (outnumbered).
 30044 | Swamp:2  | 30044 ||| Stepping ~*~*~tactically~*~*~ (outnumbered).
 30048 | Swamp:2  | 30048 ||| Stepping ~*~*~tactically~*~*~ (outnumbered).
 30049 | Swamp:2  | 30049 ||| Stepping ~*~*~tactically~*~*~ (outnumbered).
 30050 | Swamp:2  | 30050 ||| Stepping ~*~*~tactically~*~*~ (outnumbered).
 30051 | Swamp:2  | 30051 ||| Stepping ~*~*~tactically~*~*~ (outnumbered).
 30055 | Swamp:2  | 30055 ||| SWAPPING to +5 broad axe "Undertaker" {vorpal,
                  | rElec rN+ SInv}.
 30123 | Swamp:2  | Identified the +8 eveningstar "Feomim" {elec, rF+ Dex+4}
                  | (Okawaru gifted it to you on level 2 of the Swamp)
 30123 | Swamp:2  | Received a gift from Okawaru
 30140 | Swamp:2  | 30140 ||| DROPPING +2 morningstar of holy wrath.
 30268 | Swamp:2  | 30268 ||| Stepping ~*~*~tactically~*~*~ (hiding).
 30295 | Swamp:2  | Reached skill level 15 in Armour
 30325 | Swamp:2  | 30325 ||| Stepping ~*~*~tactically~*~*~ (stealth).
 30410 | Swamp:2  | 30410 ||| INVOKING Heroism.
 30413 | Swamp:2  | 30413 ||| SWAPPING to +8 eveningstar "Feomim" {elec, rF+
                  | Dex+4}.
 30416 | Swamp:2  | Reached XP level 18. HP: 119/119 MP: 22/25
 30416 | Swamp:2  | 30416 ||| SWAPPING to +5 broad axe "Undertaker" {vorpal,
                  | rElec rN+ SInv}.
 30417 | Swamp:2  | 30417 ||| DROPPING +8 eveningstar "Feomim" {elec, rF+
                  | Dex+4}.
 30559 | Swamp:2  | 30559 ||| Stepping ~*~*~tactically~*~*~ (hiding).
 30669 | Swamp:2  | 30669 ||| Stepping ~*~*~tactically~*~*~ (hiding).
 30754 | Swamp:3  | Found a frozen archway.
 30756 | Swamp:3  | 30756 ||| Stepping ~*~*~tactically~*~*~ (stealth).
 30760 | Swamp:3  | 30760 ||| Stepping ~*~*~tactically~*~*~ (cloud).
 30763 | Swamp:3  | 30763 ||| Stepping ~*~*~tactically~*~*~ (cloud).
 30776 | Swamp:3  | 30776 ||| INVOKING Heroism.
 30807 | Swamp:3  | 30807 ||| Stepping ~*~*~tactically~*~*~ (stealth).
 30810 | Swamp:3  | 30810 ||| Stepping ~*~*~tactically~*~*~ (stealth).
 30861 | Swamp:3  | 30861 ||| INVOKING Heroism.
 30882 | Swamp:3  | 30882 ||| Stepping ~*~*~tactically~*~*~ (stealth).
 30885 | Swamp:3  | 30885 ||| Stepping ~*~*~tactically~*~*~ (stealth).
 30886 | Swamp:3  | 30886 ||| Stepping ~*~*~tactically~*~*~ (stealth).
 30887 | Swamp:3  | 30887 ||| Stepping ~*~*~tactically~*~*~ (stealth).
 30906 | Swamp:3  | 30906 ||| Stepping ~*~*~tactically~*~*~ (stealth).
 30910 | Swamp:3  | 30910 ||| Stepping ~*~*~tactically~*~*~ (hiding).
 30912 | Swamp:3  | 30912 ||| Stepping ~*~*~tactically~*~*~ (hiding).
 30913 | Swamp:3  | 30913 ||| Stepping ~*~*~tactically~*~*~ (hiding).
 30914 | Swamp:3  | 30914 ||| Stepping ~*~*~tactically~*~*~ (hiding).
 30915 | Swamp:3  | 30915 ||| INVOKING Heroism.
 30973 | Swamp:3  | 30973 ||| Stepping ~*~*~tactically~*~*~ (stealth).
 31012 | Swamp:3  | 31012 ||| Stepping ~*~*~tactically~*~*~ (stealth).
 31018 | Swamp:3  | 31018 ||| INVOKING Heroism.
 31115 | Swamp:3  | 31115 ||| Stepping ~*~*~tactically~*~*~ (hiding).
 31224 | Swamp:3  | 31224 ||| INVOKING Heroism.
 31240 | Swamp:3  | 31240 ||| Stepping ~*~*~tactically~*~*~ (hiding).
 31328 | Swamp:3  | 31328 ||| Stepping ~*~*~tactically~*~*~ (stealth).
 31336 | Swamp:3  | Reached skill level 15 in Shields
 31385 | Swamp:3  | Received a gift from Okawaru
 31542 | Swamp:3  | 31542 ||| PLANNING SNAKE:4
 31726 | Snake:4  | Entered Level 4 of the Snake Pit
 31727 | Snake:4  | 31727 ||| STAIRDANCE
 31778 | Snake:4  | 31778 ||| Stepping ~*~*~tactically~*~*~ (hiding).
 31785 | Snake:4  | 31785 ||| INVOKING Heroism.
 31853 | Snake:4  | 31853 ||| INVOKING Heroism.
 31873 | Snake:4  | 31873 ||| INVOKING Heroism.
 31885 | Snake:4  | 31885 ||| Stepping ~*~*~tactically~*~*~ (stealth).
 32027 | Snake:4  | 32027 ||| INVOKING Heroism.
 32037 | Snake:4  | Reached skill level 16 in Fighting
 32081 | Snake:4  | 32081 ||| INVOKING Heroism.
 32088 | Snake:4  | HP: 25/120 [naga/+0 trident (7)]
 32089 | Snake:4  | 32089 ||| DRINKING 7 potions of heal wounds.
 32090 | Snake:4  | Received a gift from Okawaru
 32296 | Snake:4  | 32296 ||| INVOKING Heroism.
 32327 | Snake:4  | HP: 7/120 [naga warrior/+0 halberd (36)]
 32328 | Snake:4  | 32328 ||| READING 10 scrolls of teleportation.
 32329 | Snake:4  | 32329 ||| DRINKING 6 potions of heal wounds.
 32330 | Snake:4  | 32330 ||| DRINKING 5 potions of heal wounds.
 32362 | Snake:4  | 32362 ||| INVOKING Heroism.
 32598 | Snake:4  | 32598 ||| Stepping ~*~*~tactically~*~*~ (hiding).
 32606 | Snake:4  | 32606 ||| Stepping ~*~*~tactically~*~*~ (stealth).
 32614 | Snake:4  | Received a gift from Okawaru
 32616 | Snake:4  | 32616 ||| DROPPING +5 war axe of pain.
 32640 | Snake:4  | 32640 ||| INVOKING Heroism.
 32780 | Snake:4  | Got a serpentine rune of Zot
 32856 | Snake:4  | 32856 ||| INVOKING Heroism.
 33168 | Snake:4  | 33168 ||| Stepping ~*~*~tactically~*~*~ (hiding).
 33180 | Snake:4  | Reached skill level 9 in Throwing
 33244 | Snake:4  | 33244 ||| Stepping ~*~*~tactically~*~*~ (hiding).
 33245 | Snake:4  | 33245 ||| Stepping ~*~*~tactically~*~*~ (hiding).
 33381 | Snake:4  | 33381 ||| PLANNING VAULTS:1-4
 33653 | Vaults:1 | Entered Level 1 of the Vaults
 33654 | Vaults:1 | 33654 ||| INVOKING Heroism.
 33909 | Vaults:1 | 33909 ||| Stepping ~*~*~tactically~*~*~ (hiding).
 33913 | Vaults:1 | 33913 ||| Stepping ~*~*~tactically~*~*~ (hiding).
 33914 | Vaults:1 | 33914 ||| Stepping ~*~*~tactically~*~*~ (hiding).
 33917 | Vaults:1 | 33917 ||| INVOKING Heroism.
 34122 | Vaults:1 | 34122 ||| Stepping ~*~*~tactically~*~*~ (stealth).
 34125 | Vaults:1 | 34125 ||| INVOKING Heroism.
 34182 | Vaults:1 | Received a gift from Okawaru
 34183 | Vaults:1 | Reached XP level 19. HP: 110/127 MP: 26/26
 34398 | Vaults:1 | 34398 ||| INVOKING Heroism.
 34422 | Vaults:1 | Reached skill level 17 in Fighting
 34437 | Vaults:1 | 34437 ||| INVOKING Finesse.
 34682 | Vaults:1 | 34682 ||| INVOKING Heroism.
 34683 | Vaults:1 | 34683 ||| Stepping ~*~*~tactically~*~*~ (hiding).
 34832 | Vaults:1 | 34832 ||| INVOKING Heroism.
 35034 | Vaults:1 | 35034 ||| INVOKING Heroism.
 35165 | Vaults:1 | 35165 ||| Stepping ~*~*~tactically~*~*~ (hiding).
 35166 | Vaults:1 | 35166 ||| Stepping ~*~*~tactically~*~*~ (hiding).
 35168 | Vaults:1 | 35168 ||| Stepping ~*~*~tactically~*~*~ (hiding).
 35214 | Vaults:1 | Found a gateway to a bazaar.
 35215 | Vaults:1 | 35215 ||| PLANNING BAZAAR
 35272 | Vaults:1 | 35272 ||| UPGRADING to +1 shadow dragon scales.
 35282 | Vaults:1 | 35282 ||| DROPPING +1 plate armour.
 35287 | Bazaar   | Entered a bazaar
 35287 | Bazaar   | Found Hiariw's Assorted Antiques.
 35287 | Bazaar   | Found Saos's Book Shop.
 35304 | Bazaar   | 35304 ||| BUYING pair of runed gloves (187 gold).
 35304 | Bazaar   | Bought a pair of runed gloves for 187 gold pieces
 35304 | Bazaar   | 35304 ||| BUYING scroll of enchant armour (187 gold).
 35304 | Bazaar   | Bought a scroll of enchant armour for 187 gold pieces
 35304 | Bazaar   | 35304 ||| READING scroll of enchant armour.
 35304 | Bazaar   | 35304 ||| ENCHANTING +1 pair of gloves.
 35318 | Bazaar   | Found Desuh's General Store.
 35327 | Bazaar   | 35327 ||| BUYING potion of curing (36 gold).
 35327 | Bazaar   | Bought a potion of curing for 36 gold pieces
 35327 | Bazaar   | 35327 ||| BUYING potion of heal wounds (60 gold).
 35327 | Bazaar   | Bought a potion of heal wounds for 60 gold pieces
 35327 | Bazaar   | 35327 ||| BUYING potion of lignification (36 gold).
 35327 | Bazaar   | Bought a potion of lignification for 36 gold pieces
 35329 | Bazaar   | Found Yckunus's Antique Weapon Boutique.
 35335 | Bazaar   | Found Hygobu's Assorted Antiques.
 35344 | Bazaar   | 35344 ||| BUYING 2 potions of curing (126 gold).
 35344 | Bazaar   | Bought 2 potions of curing for 126 gold pieces
 35344 | Bazaar   | 35344 ||| BUYING potion of curing (63 gold).
 35344 | Bazaar   | Bought a potion of curing for 63 gold pieces
 35344 | Bazaar   | 35344 ||| DROPPING +2 pair of gloves.
 35368 | Vaults:1 | 35368 ||| PLANNING VAULTS:1-4
 35867 | Vaults:2 | Found Rereh's Magic Scroll Emporium.
 35874 | Vaults:2 | 35874 ||| BUYING scroll of brand weapon (142 gold).
 35874 | Vaults:2 | Bought a scroll of brand weapon for 142 gold pieces
 35874 | Vaults:2 | 35874 ||| BUYING scroll of enchant weapon (112 gold).
 35874 | Vaults:2 | Bought a scroll of enchant weapon for 112 gold pieces
 35927 | Vaults:2 | 35927 ||| Stepping ~*~*~tactically~*~*~ (stealth).
 35935 | Vaults:2 | 35935 ||| Stepping ~*~*~tactically~*~*~ (stealth).
 35955 | Vaults:2 | 35955 ||| INVOKING Heroism.
 35956 | Vaults:2 | 35956 ||| INVOKING Finesse.
 35986 | Vaults:2 | Received a gift from Okawaru
 35989 | Vaults:2 | HP: 32/128 [orc knight/+0 great sword (1)]
 35990 | Vaults:2 | 35990 ||| READING 10 scrolls of teleportation.
 35991 | Vaults:2 | 35991 ||| DRINKING 5 potions of heal wounds.
 35998 | Vaults:2 | 35998 ||| Stepping ~*~*~tactically~*~*~ (hiding).
 36003 | Vaults:2 | 36003 ||| Stepping ~*~*~tactically~*~*~ (hiding).
 36005 | Vaults:2 | Received a gift from Okawaru
 36213 | Vaults:2 | 36213 ||| Stepping ~*~*~tactically~*~*~ (stealth).
 36216 | Vaults:2 | 36216 ||| Stepping ~*~*~tactically~*~*~ (stealth).
 36222 | Vaults:2 | 36222 ||| Stepping ~*~*~tactically~*~*~ (hiding).
 36324 | Vaults:2 | 36324 ||| INVOKING Heroism.
 36325 | Vaults:2 | 36325 ||| INVOKING Finesse.
 36368 | Vaults:2 | 36368 ||| Stepping ~*~*~tactically~*~*~ (stealth).
 36370 | Vaults:2 | 36370 ||| Stepping ~*~*~tactically~*~*~ (stealth).
 36372 | Vaults:2 | 36372 ||| Stepping ~*~*~tactically~*~*~ (stealth).
 36374 | Vaults:2 | 36374 ||| Stepping ~*~*~tactically~*~*~ (stealth).
 36376 | Vaults:2 | 36376 ||| Stepping ~*~*~tactically~*~*~ (stealth).
 36378 | Vaults:2 | 36378 ||| Stepping ~*~*~tactically~*~*~ (stealth).
 36380 | Vaults:2 | 36380 ||| Stepping ~*~*~tactically~*~*~ (stealth).
 36383 | Vaults:2 | 36383 ||| Stepping ~*~*~tactically~*~*~ (hiding).
 36390 | Vaults:2 | 36390 ||| INVOKING Heroism.
 36431 | Vaults:2 | 36431 ||| Stepping ~*~*~tactically~*~*~ (hiding).
 36535 | Vaults:2 | Identified the +8 arbalest of Domination {penet, rElec
                  | Stlth+}
 36547 | Vaults:2 | 36547 ||| Stepping ~*~*~tactically~*~*~ (hiding).
 36552 | Vaults:2 | 36552 ||| INVOKING Heroism.
 36592 | Vaults:2 | 36592 ||| INVOKING Heroism.
 36628 | Vaults:2 | 36628 ||| INVOKING Finesse.
 36631 | Vaults:2 | Received a gift from Okawaru
 36639 | Vaults:2 | 36639 ||| Stepping ~*~*~tactically~*~*~ (hiding).
 36640 | Vaults:2 | 36640 ||| Stepping ~*~*~tactically~*~*~ (hiding).
 36646 | Vaults:2 | 36646 ||| Stepping ~*~*~tactically~*~*~ (hiding).
 36647 | Vaults:2 | 36647 ||| Stepping ~*~*~tactically~*~*~ (hiding).
 36847 | Vaults:1 | Found a runed translucent gate.
 36847 | Vaults:1 | Found a runed translucent gate.
 36847 | Vaults:1 | Found a runed translucent gate.
 36849 | Vaults:1 | Noticed qw's ghost (adept GrFi)
 36849 | Vaults:1 | Identified the +0 plate armour "Vepriyn" {rF+ Int+6 Stlth+}
 36878 | Vaults:1 | 36878 ||| DRINKING 18 potions of curing.
 36878 | Vaults:1 | 36878 ||| (to cure confusion)
 36879 | Vaults:1 | 36879 ||| INVOKING Heroism.
 36907 | Vaults:1 | 36907 ||| DRINKING 17 potions of curing.
 36907 | Vaults:1 | 36907 ||| (to cure confusion)
 37085 | Vaults:1 | Found the +3 crown of Dyrovepreva {rElec Int+2 SInv}
 37134 | Vaults:2 | 37134 ||| Stepping ~*~*~tactically~*~*~ (stealth).
 37151 | Vaults:2 | Reached skill level 18 in Fighting
 37151 | Vaults:2 | Received a gift from Okawaru
 37238 | Vaults:2 | Found a staircase to the Crypt.
 37660 | Vaults:3 | 37660 ||| INVOKING Heroism.
 37823 | Vaults:3 | 37823 ||| Stepping ~*~*~tactically~*~*~ (hiding).
 37928 | Vaults:3 | 37928 ||| INVOKING Heroism.
 38003 | Vaults:3 | 38003 ||| INVOKING Heroism.
 38011 | Vaults:3 | Reached XP level 20. HP: 136/136 MP: 25/27
 38053 | Vaults:3 | 38053 ||| Stepping ~*~*~tactically~*~*~ (stealth).
 38057 | Vaults:3 | 38057 ||| Stepping ~*~*~tactically~*~*~ (stealth).
 38060 | Vaults:3 | 38060 ||| Stepping ~*~*~tactically~*~*~ (stealth).
 38061 | Vaults:3 | 38061 ||| INVOKING Heroism.
 38194 | Vaults:3 | 38194 ||| INVOKING Heroism.
 38252 | Vaults:3 | Received a gift from Okawaru
 38253 | Vaults:3 | Reached skill level 18 in Armour
 38260 | Vaults:3 | 38260 ||| Stepping ~*~*~tactically~*~*~ (hiding).
 38265 | Vaults:3 | 38265 ||| INVOKING Heroism.
 38316 | Vaults:3 | 38316 ||| Stepping ~*~*~tactically~*~*~ (stealth).
 38477 | Vaults:3 | 38477 ||| Stepping ~*~*~tactically~*~*~ (stealth).
 38484 | Vaults:3 | 38484 ||| INVOKING Heroism.
 38813 | Vaults:3 | Identified the +3 spear "Watesk" {vorpal, rElec Str-3
                  | Int+4}
 38816 | Vaults:3 | 38816 ||| Stepping ~*~*~tactically~*~*~ (stealth).
 39106 | Vaults:3 | Found a runed translucent door.
 39124 | Vaults:3 | Noticed Adoajy's ghost (adept DsWr)
 39177 | Vaults:3 | 39177 ||| INVOKING Heroism.
 39391 | Vaults:3 | 39391 ||| DROPPING +1 pair of boots.
 39437 | Vaults:4 | 39437 ||| PLANNING WIZLAB
 39437 | Vaults:4 | 39437 ||| STAIRDANCE
 39545 | Vaults:4 | 39545 ||| STAIRDANCE
 39672 | Vaults:4 | 39672 ||| STAIRDANCE
 39770 | Vaults:4 | Received a gift from Okawaru
 39847 | Vaults:4 | 39847 ||| Stepping ~*~*~tactically~*~*~ (stealth).
 39849 | Vaults:4 | 39849 ||| INVOKING Heroism.
 39901 | Vaults:4 | 39901 ||| INVOKING Heroism.
 40094 | Vaults:4 | 40094 ||| RIP WIZLAB
 40106 | Vaults:4 | 40106 ||| PLANNING VAULTS:1-4
 40106 | Vaults:4 | 40106 ||| Stepping ~*~*~tactically~*~*~ (hiding).
 40107 | Vaults:4 | 40107 ||| Stepping ~*~*~tactically~*~*~ (hiding).
 40115 | Vaults:4 | Reached skill level 19 in Fighting
 40290 | Vaults:4 | Found Zutog's Antique Armour Shoppe.
 40294 | Vaults:4 | Identified the +8 short sword "Cusut" {vorpal, rF+ Will+}
 40299 | Vaults:4 | 40299 ||| SHOPLISTING pair of embroidered boots (375 gold,
                  | have 182).
 40299 | Vaults:4 | 40299 ||| SHOPLISTING runed plate armour (1300 gold, have
                  | 182).
 40299 | Vaults:4 | 40299 ||| SHOPLISTING tower shield (225 gold, have 182).
 40310 | Vaults:4 | 40310 ||| Stepping ~*~*~tactically~*~*~ (hiding).
 40316 | Vaults:4 | Received a gift from Okawaru
 40355 | Vaults:4 | 40355 ||| Stepping ~*~*~tactically~*~*~ (stealth).
 40518 | Vaults:4 | 40518 ||| Stepping ~*~*~tactically~*~*~ (stealth).
 40633 | Vaults:4 | 40633 ||| INVOKING Heroism.
 40634 | Vaults:4 | 40634 ||| INVOKING Finesse.
 40647 | Vaults:4 | 40647 ||| Stepping ~*~*~tactically~*~*~ (hiding).
 40681 | Vaults:4 | 40681 ||| INVOKING Heroism.
 40883 | Vaults:4 | Found Anylam's Antique Armour Boutique.
 40887 | Vaults:4 | 40887 ||| SHOPLISTING crystal plate armour (3280 gold, have
                  | 182).
 40927 | Vaults:4 | 40927 ||| Stepping ~*~*~tactically~*~*~ (hiding).
 41029 | Vaults:4 | 41029 ||| Stepping ~*~*~tactically~*~*~ (hiding).
 41131 | Vaults:4 | 41131 ||| Stepping ~*~*~tactically~*~*~ (hiding).
 41233 | Vaults:4 | 41233 ||| Stepping ~*~*~tactically~*~*~ (hiding).
 41360 | Vaults:4 | 41360 ||| INVOKING Heroism.
 41457 | Vaults:4 | 41457 ||| INVOKING Heroism.
 41471 | Vaults:4 | Received a gift from Okawaru
 41518 | Vaults:4 | 41518 ||| Stepping ~*~*~tactically~*~*~ (hiding).
 41634 | Vaults:4 | 41634 ||| Stepping ~*~*~tactically~*~*~ (hiding).
 41650 | Vaults:4 | 41650 ||| FLEEEEING.
 41651 | Vaults:4 | 41651 ||| FLEEEEING.
 41652 | Vaults:4 | 41652 ||| FLEEEEING.
 41653 | Vaults:4 | 41653 ||| FLEEEEING.
 41655 | Vaults:4 | 41655 ||| FLEEEEING.
 41656 | Vaults:4 | 41656 ||| FLEEEEING.
 41657 | Vaults:4 | 41657 ||| FLEEEEING.
 41658 | Vaults:4 | 41658 ||| FLEEEEING.
 41659 | Vaults:4 | 41659 ||| FLEEEEING.
 41660 | Vaults:4 | 41660 ||| FLEEEEING.
 41661 | Vaults:4 | 41661 ||| FLEEEEING.
 41662 | Vaults:4 | 41662 ||| FLEEEEING.
 41663 | Vaults:4 | 41663 ||| FLEEEEING.
 41664 | Vaults:4 | 41664 ||| FLEEEEING.
 41665 | Vaults:4 | 41665 ||| FLEEEEING.
 41816 | Vaults:4 | 41816 ||| Stepping ~*~*~tactically~*~*~ (hiding).
 41918 | Vaults:4 | 41918 ||| Stepping ~*~*~tactically~*~*~ (hiding).
 42020 | Vaults:4 | 42020 ||| Stepping ~*~*~tactically~*~*~ (hiding).
 42122 | Vaults:4 | 42122 ||| Stepping ~*~*~tactically~*~*~ (hiding).
 42224 | Vaults:4 | 42224 ||| Stepping ~*~*~tactically~*~*~ (hiding).
 42326 | Vaults:4 | 42326 ||| Stepping ~*~*~tactically~*~*~ (hiding).
 42348 | Vaults:4 | Received a gift from Okawaru
 42358 | Vaults:4 | 42358 ||| READING scroll of enchant armour.
 42358 | Vaults:4 | 42358 ||| ENCHANTING +0 cloak.
 42361 | Vaults:4 | 42361 ||| Stepping ~*~*~tactically~*~*~ (stealth).
 42417 | Vaults:4 | Found Qelum's Antique Armour Shop.
 42488 | Vaults:4 | 42488 ||| BUYING embroidered scarf (240 gold).
 42488 | Vaults:4 | Bought an embroidered scarf for 240 gold pieces
 42488 | Vaults:4 | 42488 ||| SHOPLISTING faintly glowing plate armour (840
                  | gold, have 97).
 42488 | Vaults:4 | 42488 ||| SHOPLISTING runed helmet (225 gold, have 97).
 42536 | Vaults:4 | Noticed a golden dragon
 42537 | Vaults:4 | 42537 ||| INVOKING Heroism.
 42538 | Vaults:4 | 42538 ||| INVOKING Finesse.
 42560 | Vaults:4 | HP: 26/139 [vault warden/+0 dire flail (49)]
 42561 | Vaults:4 | 42561 ||| READING 10 scrolls of teleportation.
 42562 | Vaults:4 | 42562 ||| DRINKING 4 potions of heal wounds.
 42567 | Vaults:4 | HP: 18/139 [golden dragon (18)]
 42568 | Vaults:4 | 42568 ||| DRINKING 3 potions of heal wounds.
 42831 | Vaults:4 | 42831 ||| DROPPING scarf of shadows.
 42832 | Vaults:4 | 42832 ||| Stepping randomly (stuck).
 42834 | Vaults:4 | 42834 ||| Stepping randomly (stuck).
 42898 | Vaults:4 | 42898 ||| Stepping ~*~*~tactically~*~*~ (hiding).
 42948 | Vaults:4 | 42948 ||| Stepping ~*~*~tactically~*~*~ (hiding).
 42950 | Vaults:4 | 42950 ||| INVOKING Heroism.
 42951 | Vaults:4 | 42951 ||| INVOKING Finesse.
 42969 | Vaults:4 | Killed a golden dragon
 43098 | Vaults:4 | Identified the +1 chain mail of Happiness {Harm}
 43123 | Vaults:4 | 43123 ||| PLANNING SWAMP:4
 43123 | Vaults:4 | 43123 ||| DROPPING +1 chain mail of Happiness {Harm}.
 43529 | Swamp:4  | Entered Level 4 of the Swamp
 43537 | Swamp:4  | 43537 ||| INVOKING Heroism.
 43551 | Swamp:4  | Reached XP level 21. HP: 134/144 MP: 28/28
 43617 | Swamp:4  | 43617 ||| INVOKING Heroism.
 43676 | Swamp:4  | 43676 ||| INVOKING Heroism.
 43712 | Swamp:4  | Received a gift from Okawaru
 43776 | Swamp:4  | 43776 ||| FLEEEEING.
 43777 | Swamp:4  | 43777 ||| FLEEEEING.
 43778 | Swamp:4  | 43778 ||| FLEEEEING.
 43781 | Swamp:4  | 43781 ||| FLEEEEING.
 43829 | Swamp:4  | 43829 ||| Stepping ~*~*~tactically~*~*~ (stealth).
 44002 | Swamp:4  | 44002 ||| Stepping ~*~*~tactically~*~*~ (hiding).
 44018 | Swamp:4  | Reached skill level 6 in Dodging
 44104 | Swamp:4  | 44104 ||| Stepping ~*~*~tactically~*~*~ (hiding).
 44203 | Swamp:4  | 44203 ||| Stepping ~*~*~tactically~*~*~ (hiding).
 44337 | Swamp:4  | 44337 ||| Stepping ~*~*~tactically~*~*~ (hiding).
 44338 | Swamp:4  | 44338 ||| Stepping ~*~*~tactically~*~*~ (hiding).
 44349 | Swamp:4  | 44349 ||| Stepping ~*~*~tactically~*~*~ (stealth).
 44358 | Swamp:4  | 44358 ||| Stepping ~*~*~tactically~*~*~ (hiding).
 44460 | Swamp:4  | 44460 ||| Stepping ~*~*~tactically~*~*~ (hiding).
 44482 | Swamp:4  | 44482 ||| Stepping ~*~*~tactically~*~*~ (hiding).
 44497 | Swamp:4  | 44497 ||| Stepping ~*~*~tactically~*~*~ (stealth).
 44512 | Swamp:4  | 44512 ||| INVOKING Heroism.
 44516 | Swamp:4  | 44516 ||| Stepping ~*~*~tactically~*~*~ (stealth).
 44586 | Swamp:4  | 44586 ||| Stepping ~*~*~tactically~*~*~ (hiding).
 44688 | Swamp:4  | 44688 ||| Stepping ~*~*~tactically~*~*~ (hiding).
 44785 | Swamp:4  | 44785 ||| Stepping ~*~*~tactically~*~*~ (stealth).
 44786 | Swamp:4  | 44786 ||| Stepping ~*~*~tactically~*~*~ (hiding).
 44792 | Swamp:4  | 44792 ||| INVOKING Heroism.
 44818 | Swamp:4  | 44818 ||| Stepping ~*~*~tactically~*~*~ (hiding).
 44822 | Swamp:4  | 44822 ||| INVOKING Finesse.
 44852 | Swamp:4  | 44852 ||| Stepping ~*~*~tactically~*~*~ (stealth).
 44856 | Swamp:4  | 44856 ||| Stepping ~*~*~tactically~*~*~ (stealth).
 44858 | Swamp:4  | 44858 ||| Stepping ~*~*~tactically~*~*~ (stealth).
 44860 | Swamp:4  | 44860 ||| Stepping ~*~*~tactically~*~*~ (hiding).
 44872 | Swamp:4  | 44872 ||| INVOKING Heroism.
 44882 | Swamp:4  | Identified the +5 ring mail of the Yeti {rN+} (Okawaru
                  | gifted it to you on level 4 of the Swamp)
 44882 | Swamp:4  | Received a gift from Okawaru
 44895 | Swamp:4  | 44895 ||| Stepping ~*~*~tactically~*~*~ (stealth).
 44899 | Swamp:4  | 44899 ||| Stepping ~*~*~tactically~*~*~ (stealth).
 44998 | Swamp:4  | Got a decaying rune of Zot
 45003 | Swamp:4  | 45003 ||| Stepping ~*~*~tactically~*~*~ (hiding).
 45022 | Swamp:4  | 45022 ||| Stepping ~*~*~tactically~*~*~ (hiding).
 45124 | Swamp:4  | 45124 ||| Stepping ~*~*~tactically~*~*~ (hiding).
 45226 | Swamp:4  | 45226 ||| Stepping ~*~*~tactically~*~*~ (hiding).
 45335 | Swamp:4  | Reached skill level 20 in Fighting
 45391 | Swamp:4  | 45391 ||| PLANNING DEPTHS
 45406 | Swamp:4  | 45406 ||| Stepping ~*~*~tactically~*~*~ (hiding).
 45407 | Swamp:4  | 45407 ||| Stepping ~*~*~tactically~*~*~ (hiding).
 45711 | Depths:1 | Entered Level 1 of the Depths
 45959 | Depths:1 | 45959 ||| INVOKING Heroism.
 45960 | Depths:1 | 45960 ||| INVOKING Finesse.
 45996 | Depths:1 | Found a one-way gate to the infinite horrors of the Abyss.
 46013 | Depths:1 | 46013 ||| INVOKING Heroism.
 46059 | Depths:1 | 46059 ||| Stepping ~*~*~tactically~*~*~ (hiding).
 46161 | Depths:1 | 46161 ||| Stepping ~*~*~tactically~*~*~ (hiding).
 46162 | Depths:1 | 46162 ||| Stepping ~*~*~tactically~*~*~ (hiding).
 46178 | Depths:1 | 46178 ||| INVOKING Heroism.
 46179 | Depths:1 | 46179 ||| INVOKING Finesse.
 46184 | Depths:1 | 46184 ||| Stepping ~*~*~tactically~*~*~ (hiding).
 46205 | Depths:1 | 46205 ||| Stepping ~*~*~tactically~*~*~ (stealth).
 46236 | Depths:1 | 46236 ||| Stepping ~*~*~tactically~*~*~ (stealth).
 46238 | Depths:1 | 46238 ||| INVOKING Finesse.
 46274 | Depths:1 | 46274 ||| Stepping ~*~*~tactically~*~*~ (stealth).
 46293 | Depths:1 | 46293 ||| INVOKING Heroism.
 46294 | Depths:1 | 46294 ||| INVOKING Finesse.
 46407 | Depths:1 | 46407 ||| READING scroll of enchant armour.
 46407 | Depths:1 | 46407 ||| ENCHANTING +1 cloak.
 46412 | Depths:1 | 46412 ||| Stepping ~*~*~tactically~*~*~ (hiding).
 46514 | Depths:1 | 46514 ||| Stepping ~*~*~tactically~*~*~ (hiding).
 46521 | Depths:1 | 46521 ||| INVOKING Heroism.
 46523 | Depths:1 | 46523 ||| Stepping ~*~*~tactically~*~*~ (hiding).
 46606 | Depths:1 | 46606 ||| INVOKING Heroism.
 46607 | Depths:1 | 46607 ||| INVOKING Finesse.
 46682 | Depths:1 | 46682 ||| Stepping ~*~*~tactically~*~*~ (stealth).
 46683 | Depths:1 | 46683 ||| Stepping ~*~*~tactically~*~*~ (stealth).
 46685 | Depths:1 | 46685 ||| Stepping ~*~*~tactically~*~*~ (stealth).
 46733 | Depths:1 | 46733 ||| Stepping ~*~*~tactically~*~*~ (hiding).
 46738 | Depths:1 | 46738 ||| INVOKING Heroism.
 46887 | Depths:1 | Found a runed translucent door.
 46887 | Depths:1 | Found a shimmering altar of Xom.
 46887 | Depths:1 | Identified the +2 scimitar of Incongruity {chaos, Int+3}
 46887 | Depths:1 | Noticed qw's ghost (veteran GrFi)
 46979 | Depths:1 | 46979 ||| INVOKING Heroism.
 46981 | Depths:1 | 46981 ||| Stepping ~*~*~tactically~*~*~ (stealth).
 47005 | Depths:1 | 47005 ||| INVOKING Heroism.
 47023 | Depths:1 | Found a gateway to Hell.
 47185 | Depths:1 | 47185 ||| READING 15 scrolls of identify.
 47185 | Depths:1 | 47185 ||| IDENTIFYING dark potion
 47186 | Depths:1 | 47186 ||| DROPPING potion of invisibility.
 47312 | Depths:2 | Found Sad Xuso's Jewellery Boutique.
 47313 | Depths:2 | 47313 ||| INVOKING Heroism.
 47315 | Depths:2 | 47315 ||| Stepping ~*~*~tactically~*~*~ (hiding).
 47362 | Depths:2 | 47362 ||| Stepping ~*~*~tactically~*~*~ (stealth).
 47363 | Depths:2 | 47363 ||| SHOPLISTING ring of ice (450 gold, have 307).
 47363 | Depths:2 | 47363 ||| Stepping ~*~*~tactically~*~*~ (stealth).
 47453 | Depths:2 | Found a one-way gateway to a ziggurat.
 47491 | Depths:2 | 47491 ||| Stepping ~*~*~tactically~*~*~ (hiding).
 47593 | Depths:2 | 47593 ||| Stepping ~*~*~tactically~*~*~ (hiding).
 47695 | Depths:2 | 47695 ||| Stepping ~*~*~tactically~*~*~ (hiding).
 47776 | Depths:2 | Found Ycepruac's General Store.
 47794 | Depths:2 | 47794 ||| Stepping ~*~*~tactically~*~*~ (stealth).
 47799 | Depths:2 | 47799 ||| INVOKING Heroism.
 47824 | Depths:2 | Noticed a juggernaut
 47837 | Depths:2 | HP: 34/147 [juggernaut (44)]
 47838 | Depths:2 | 47838 ||| READING 13 scrolls of teleportation.
 47839 | Depths:2 | 47839 ||| DRINKING 2 potions of heal wounds.
 47840 | Depths:2 | Reached XP level 22. HP: 58/153 MP: 29/29
 47869 | Depths:2 | 47869 ||| INVOKING Heroism.
 47870 | Depths:2 | 47870 ||| INVOKING Finesse.
 47939 | Depths:2 | 47939 ||| Stepping ~*~*~tactically~*~*~ (stealth).
 47940 | Depths:2 | 47940 ||| Stepping ~*~*~tactically~*~*~ (stealth).
 47941 | Depths:2 | 47941 ||| Stepping ~*~*~tactically~*~*~ (stealth).
 47942 | Depths:2 | 47942 ||| Stepping ~*~*~tactically~*~*~ (stealth).
 47996 | Depths:2 | 47996 ||| Stepping ~*~*~tactically~*~*~ (stealth).
 48171 | Depths:2 | 48171 ||| Stepping ~*~*~tactically~*~*~ (stealth).
 48172 | Depths:2 | 48172 ||| Stepping ~*~*~tactically~*~*~ (stealth).
 48196 | Depths:2 | 48196 ||| Stepping ~*~*~tactically~*~*~ (stealth).
 48198 | Depths:2 | 48198 ||| Stepping ~*~*~tactically~*~*~ (hiding).
 48201 | Depths:2 | 48201 ||| Stepping ~*~*~tactically~*~*~ (hiding).
 48202 | Depths:2 | 48202 ||| INVOKING Heroism.
 48227 | Depths:2 | Found a stormy altar of Qazlal.
 48256 | Depths:2 | 48256 ||| Stepping ~*~*~tactically~*~*~ (hiding).
 48257 | Depths:2 | 48257 ||| Stepping ~*~*~tactically~*~*~ (hiding).
 48259 | Depths:2 | 48259 ||| Stepping ~*~*~tactically~*~*~ (hiding).
 48319 | Depths:2 | 48319 ||| Stepping ~*~*~tactically~*~*~ (stealth).
 48339 | Depths:2 | 48339 ||| Stepping ~*~*~tactically~*~*~ (stealth).
 48340 | Depths:2 | 48340 ||| Stepping ~*~*~tactically~*~*~ (stealth).
 48342 | Depths:2 | 48342 ||| Stepping ~*~*~tactically~*~*~ (hiding).
 48350 | Depths:2 | Reached skill level 21 in Fighting
 48350 | Depths:2 | 48350 ||| INVOKING Heroism.
 48360 | Depths:2 | Received a gift from Okawaru
 48361 | Depths:2 | Reached skill level 18 in Shields
 48378 | Depths:2 | 48378 ||| FLEEEEING.
 48379 | Depths:2 | 48379 ||| FLEEEEING.
 48381 | Depths:2 | 48381 ||| FLEEEEING.
 48382 | Depths:2 | 48382 ||| FLEEEEING.
 48383 | Depths:2 | 48383 ||| FLEEEEING.
 48384 | Depths:2 | 48384 ||| FLEEEEING.
 48385 | Depths:2 | 48385 ||| FLEEEEING.
 48386 | Depths:2 | 48386 ||| FLEEEEING.
 48387 | Depths:2 | 48387 ||| FLEEEEING.
 48388 | Depths:2 | 48388 ||| FLEEEEING.
 48389 | Depths:2 | 48389 ||| FLEEEEING.
 48390 | Depths:2 | 48390 ||| FLEEEEING.
 48391 | Depths:2 | 48391 ||| FLEEEEING.
 48394 | Depths:2 | 48394 ||| FLEEEEING.
 48395 | Depths:2 | 48395 ||| FLEEEEING.
 48396 | Depths:2 | 48396 ||| FLEEEEING.
 48397 | Depths:2 | 48397 ||| STAIRDANCE
 48694 | Depths:2 | 48694 ||| INVOKING Heroism.
 48695 | Depths:2 | 48695 ||| INVOKING Finesse.
 48743 | Depths:2 | 48743 ||| BUYING potion of haste (170 gold).
 48743 | Depths:2 | Bought a potion of haste for 170 gold pieces
 48769 | Depths:2 | 48769 ||| INVOKING Heroism.
 48835 | Depths:2 | 48835 ||| INVOKING Heroism.
 48918 | Depths:2 | 48918 ||| Stepping ~*~*~tactically~*~*~ (stealth).
 48919 | Depths:2 | 48919 ||| Stepping ~*~*~tactically~*~*~ (stealth).
 48920 | Depths:2 | 48920 ||| INVOKING Heroism.
 48975 | Depths:2 | 48975 ||| Stepping ~*~*~tactically~*~*~ (stealth).
 48976 | Depths:2 | 48976 ||| Stepping ~*~*~tactically~*~*~ (stealth).
 48984 | Depths:2 | 48984 ||| Stepping ~*~*~tactically~*~*~ (hiding).
 49045 | Depths:2 | Identified the ring of Raomily {Will+ EV+4 Int+3 Dex+4
                  | Slay-2}
 49197 | Depths:2 | Found a one-way gate leading to the halls of Pandemonium.
 49229 | Depths:2 | 49229 ||| INVOKING Heroism.
 49255 | Depths:2 | 49255 ||| INVOKING Heroism.
 49271 | Depths:2 | Killed a juggernaut
 49398 | Depths:2 | 49398 ||| DROPPING +1 cloak.
 49399 | Depths:2 | 49399 ||| UPGRADING to ring of Raomily {Will+ EV+4 Int+3
                  | Dex+4 Slay-2}.
 49452 | Depths:3 | 49452 ||| INVOKING Heroism.
 49484 | Depths:3 | Received a gift from Okawaru
 49560 | Depths:3 | 49560 ||| Stepping ~*~*~tactically~*~*~ (hiding).
 49747 | Depths:3 | 49747 ||| INVOKING Heroism.
 49752 | Depths:3 | 49752 ||| Stepping ~*~*~tactically~*~*~ (hiding).
 49783 | Depths:3 | 49783 ||| INVOKING Heroism.
 49817 | Depths:3 | 49817 ||| INVOKING Finesse.
 49824 | Depths:3 | Killed from afar by a frost giant

Levels and vault maps discovered:
D:1:      tarquinn_simple_flora_water_b, layout_loops_ring,
          hellmonk_ecumenical_altar_inner_sanctum, serial_bayou_pond_b,
          minivault_24, minmay_misc_feat_diagonals
D:2:      layout_basic, st_stairs_11, minmay_strange_pillars,
          uniq_crazy_yiuf_cottage
D:3:      cheibrodos_greedy_goblins, layout_rooms, lemuel_doored_altar,
          nzn_wu_jian_contemplation, nemelex_spade_bored_becter, serial_curves,
          eino_curves_04, eino_curves_04
D:4:      layout_gridville, mainiacjoe_overflow_six_doors_small, uniq_sigmund,
          uniq_robin
D:5:      wander_river, layout_basic, minmay_temple_entry_hall,
          gup_sewer_entry_bubbles, uniq_duvessa
D:6:      layout_loops_ring, mainiacjoe_overflow_catwalk_spiral, serial_shops,
          nicolae_shop_statue_plus, kennysheep_another_room, uniq_menkaure,
          uniq_grinder, uniq_pikel
D:7:      layout_rooms, nicolae_uskayaw_en_pointe, enter_bailey_8,
          uniq_prince_ribbit1
D:8:      layout_basic, serial_aquarium, aquarium_bridge_square
          [aquarium_subvault_window, aquarium_subvault_bridge,
          aquarium_subvault_bridge, aquarium_subvault_window],
          aquarium_window_fake, aquarium_window_1, aquarium_window_fake,
          aquarium_view_2b, aquarium_balcony_3b, aquarium_pool_side,
          sword_in_stone, uniq_maggie
D:9:      layout_basic, statue_in_the_mist_lemuel
D:10:     layout_long_grid, grunt_temple_overflow_forces_of_nature,
          erik_lair_island, serial_shops, kennysheep_mini_moat,
          hangedman_abyss_or_decor_lesser_grid
D:11:     layout_long_grid
D:12:     layout_loops_ring, david_orc_3, gammafunk_ghost_spectres, uniq_nessos,
          uniq_snorg
D:13:     layout_rooms
D:14:     layout_roguey, skrybe_vaults_entry_preservation, serial_demonic,
          serial_demonic_e, serial_demonic_c, serial_demonic_b,
          serial_demonic_g, serial_demonic_b, serial_demonic_f,
          serial_demonic_g, minmay_misc_feat_rugged, uniq_frances,
          uniq_josephine
D:15:     gammafunk_enter_depths_forms, layout_long_grid, basic_altar,
          nicolae_specific_store, uniq_rupert
Temple:   hellmonk_temple_forest_ring
Lair:1:   layout_regular_city, minivault_24, grunt_megastairs_3
Lair:2:   layout_long_grid, nicolae_swamp_entry_splash_gauntlet, uniq_erica,
          uniq_urug
Lair:3:   layout_cave_shapes, dummy_snake_entry, grunt_megastairs_1
Lair:4:   layout_hall_layers, st_stairs_3, grunt_megastairs_4,
          lemuel_fruit_fields
Lair:5:   evilmike_catoblepas_cave, layout_long_grid, slime_entry_1,
          nicolae_lair_lakeside_cave
Swamp:1:  layout_basic_swamp, nicolae_swamp_triple_paths
Swamp:2:  layout_basic_swamp, serial_swamp_ruin, evilmike_swamp_ruin_house_6,
          hangedman_swamp_ruin_wall, swamp_pool2, uniq_kirke
Swamp:3:  layout_basic_swamp, portal_ice_cave_entry_pillars_four,
          evilmike_swamp_ruin_rubble_1, infiniplex_staircase_pool
Swamp:4:  nzn_swamp_witches_coven, layout_basic_swamp
Snake:1:  layout_cave_shapes, minmay_shop_enchanted_jewellery
Snake:2:  layout_honeycomb, basic_altar, hellmonk_ghost_happy_afterlife,
          nicolae_alphabet_shops, nicolae_coiled_stairwell_up
Snake:3:  layout_cave_town, serial_shops, nicolae_shop_hallway_plus,
          nicolae_snake_gridmaze_big_u, uniq_mlioglotl
Snake:4:  minmay_snake_end_coiled, layout_onion, nicolae_snake_double_loop,
          lemuel_fruit_tree
Orc:1:    dreamdust_dug_too_deep, layout_caves, serial_shops, shop,
          nicolae_shop_stone, nicolae_shop_window_shopping, shop,
          nicolae_orc_pool_cavern
Orc:2:    st_orc_mages, layout_caves
Vaults:1: biasface_ghost_orc_armoury, v_rooms_2, vaults_mumra_minichess,
          nicolae_vaults_shelves_hall, vaults_room_pools,
          nicolae_vaults_diagonal_hallway_8, ontoclasm_vaults_chip,
          nicolae_vaults_statue_guard, nicolae_vaults_little_squares_4,
          layout_vaults_omnigrid, serial_shops, bzr_entry_customers
Vaults:2: vaults_standard_mumra_x, ontoclasm_vaults_hangar,
          grunt_vaults_trifunnel, v_misc_23, vaults_room_pools,
          vaults_room_semicircle, nicolae_vaults_sealed_display,
          vaults_room_fours, nicolae_vaults_theta, layout_vaults_big_room,
          blue_anna_dwarven_crypt, serial_shops, nicolae_square_shop
Vaults:3: hellmonk_ghost_big_iron, vaults_room_fours, hangedman_vaults_trim,
          v_pattern_4, nicolae_vaults_network_s, vaults_room_door_ring,
          ontoclasm_vaults_fault, vaults_room_door_ring,
          nicolae_vaults_back_hallway, vaults_room_door_ring,
          layout_vaults_omnibox
Vaults:4: mu_enter_wizlab_1, ontoclasm_vaults_eye, hangedman_vaults_locks,
          v_misc_30, dpeg_vaults_hating_casters, v_misc_27, v_misc_14,
          v_misc_23, grunt_vaults_diagonal, ontoclasm_vaults_twist,
          nicolae_vaults_yaktaur_gun_rack, nicolae_vaults_shelves_hall,
          v_misc_30, layout_vaults_omnicross, serial_shops,
          nicolae_shop_statue_plus, nicolae_square_shop, shop
Depths:1: layout_roguey, hellmouth_1, ebering_ghost_xom, abyss_entry,
          kennysheep_big_empty_room, minmay_alternating_orb,
          kennysheep_random_hallway
Depths:2: minmay_containers, layout_cross, enter_ziggurat_b, lightli_too_deep,
          chequers_serial_rivers_small_3, pan_entry, abyss_entry, serial_shops,
          nicolae_stop_n_shop_2, shop, nicolae_qazlal_eye_of_the_storm,
          serial_bayou_shore_a, infiniplex_staircase_zigzag_5
Depths:3: minmay_the_grid_square_5x5_5x5 [minmay_the_grid_square_5x5_eight,
          minmay_the_grid_square_5x5_percent,
          minmay_the_grid_square_5x5_checkered_sparse,
          minmay_the_grid_square_5x5_c,
          minmay_the_grid_square_5x5_fancy_junction,
          minmay_the_grid_square_5x5_broken_cross,
          minmay_the_grid_square_5x5_prize_junk,
          minmay_the_grid_square_5x5_minibox,
          minmay_the_grid_square_5x5_prize_monsterx,
          minmay_the_grid_square_5x5_dogpile,
          minmay_the_grid_square_5x5_moneybag,
          minmay_the_grid_square_5x5_intrusive_squares,
          minmay_the_grid_square_5x5_prize_gold,
          minmay_the_grid_square_5x5_bite, minmay_the_grid_square_5x5_plus,
          minmay_the_grid_square_5x5_hollow_slash,
          minmay_the_grid_square_5x5_prize_waves,
          minmay_the_grid_square_5x5_doubleslash,
          minmay_the_grid_square_5x5_prize_snowflake,
          minmay_the_grid_square_5x5_n_small, minmay_the_grid_square_5x5_meh,
          minmay_the_grid_square_5x5_inset,
          minmay_the_grid_square_5x5_two_walls_b,
          minmay_the_grid_square_5x5_forky, minmay_the_grid_square_5x5_detours],
          layout_gridlike, marbit_kobold_abyss_entry, grunt_hell_entry_dis_mu,
          fiery_altar_vehumet, kennysheep_minor_cross, uniq_boris

Skill      XL: |  1  2  3  4  5  6  7  8  9 10 11 12 13 14 15 16 17 18 19 20 21 22 |
---------------+-------------------------------------------------------------------+-----
Axes           | 2 3 5 7 8 9 10 11 12 13 15 16 17 18 | 18.0
Fighting       | 4 5 7 8 9 10 11 12 13 15 16 18 19 20 21 | 21.0
Dodging        | 1 2 3 4 5 6 7 |  7.4
Throwing       | 2 3 5 6 7 9 10 11 | 11.2
Armour         | 6 7 8 9 10 11 13 15 16 17 19 20 | 20.4
Invocations    | 4 8 10 | 10.0
Shields        | 4 8 9 10 11 12 13 14 15 16 17 18 | 18.0

Action                   |  1- 3 |  4- 6 |  7- 9 | 10-12 | 13-15 | 16-18 | 19-21 | 22-24 || total
-------------------------+-------+-------+-------+-------+-------+-------+-------+-------++-------
Melee: War axe           |    17 |       |       |       |       |       |       |       ||    17
       Hand axe          |    60 |   117 |   478 |   773 |   195 |       |       |       ||  1623
       Broad axe         |       |       |       |       |   794 |  1496 |  1625 |   261 ||  4176
       Morningstar       |       |       |       |       |    25 |    24 |       |       ||    49
       Eveningstar       |       |       |       |       |       |     2 |       |       ||     2
Throw: Boomerang         |       |       |     2 |    40 |    14 |   101 |    54 |       ||   211
       Javelin           |       |       |       |    37 |   121 |    68 |    73 |    14 ||   313
Invok: Heroism           |       |       |     7 |    30 |    37 |    54 |    43 |    12 ||   183
       Finesse           |       |       |       |     2 |    13 |     6 |    13 |     3 ||    37
  Use: Scroll            |     3 |     4 |     7 |    10 |     5 |     6 |     7 |       ||    42
       Potion            |       |     1 |     3 |     2 |       |     6 |     6 |       ||    18
 Stab: Distracted        |       |       |       |       |       |     1 |     1 |     1 ||     3
       Sleeping          |       |       |       |       |       |       |     2 |       ||     2
Armor: Scale mail        |    12 |       |       |       |       |       |       |       ||    12
       Plate armour      |    15 |    78 |   243 |   273 |   405 |   546 |    75 |       ||  1635
       Shadow dragon sca |       |       |       |       |       |       |   434 |   103 ||   537
Dodge: Dodged            |    28 |    31 |   127 |   126 |   185 |   386 |   408 |    86 ||  1377
Block: Buckler           |     9 |    19 |    94 |    71 |       |       |       |       ||   193
       Reflection        |       |       |     1 |     4 |    10 |   107 |    82 |     2 ||   206
       Kite shield       |       |       |       |   355 |   663 |  1228 |  1195 |   180 ||  3621

Table legend:
 A = Non-vault XP
 B = Vault XP
 C = Vault XP percentage of total XP
 D = Non-vault monster count
 E = Vault monster count
 F = Vault count percentage of total count
                 A         B        C        D         E       F
            +---------+---------+-------+---------+---------+-------
      Total |  418472 |  225705 |  35.0 |    1101 |     421 |  27.7
            +---------+---------+-------+---------+---------+-------
        D:1 |      17 |      13 |  43.3 |      11 |       8 |  42.1
        D:2 |      46 |      18 |  28.1 |      19 |       3 |  13.6
        D:3 |     137 |      18 |  11.6 |       8 |      10 |  55.6
        D:4 |     338 |     261 |  43.6 |      21 |      14 |  40.0
        D:5 |     662 |     256 |  27.9 |      27 |       9 |  25.0
        D:6 |     185 |    1091 |  85.5 |       7 |       3 |  30.0
        D:7 |    1399 |     268 |  16.1 |      30 |       1 |   3.2
        D:8 |    1463 |     840 |  36.5 |      27 |       5 |  15.6
        D:9 |    2445 |       0 |   0.0 |      26 |       0 |   0.0
       D:10 |    2946 |     867 |  22.7 |      22 |       9 |  29.0
       D:11 |    6481 |    1001 |  13.4 |      18 |       1 |   5.3
       D:12 |    4508 |    1328 |  22.8 |      18 |       9 |  33.3
       D:13 |    5933 |       0 |   0.0 |      12 |       0 |   0.0
       D:14 |   12472 |   15775 |  55.8 |      25 |      31 |  55.4
       D:15 |   11183 |    7280 |  39.4 |      28 |      10 |  26.3
     Lair:1 |    4892 |     884 |  15.3 |      22 |       2 |   8.3
     Lair:2 |    7338 |    2072 |  22.0 |      37 |       6 |  14.0
     Lair:3 |    7985 |     987 |  11.0 |      27 |       5 |  15.6
     Lair:4 |   11964 |    2212 |  15.6 |      39 |       4 |   9.3
     Lair:5 |   12710 |   17927 |  58.5 |      38 |      43 |  53.1
    Swamp:1 |    7946 |       0 |   0.0 |      17 |       0 |   0.0
    Swamp:2 |   19962 |    2024 |   9.2 |      35 |       4 |  10.3
    Swamp:3 |   14873 |       0 |   0.0 |      28 |       0 |   0.0
    Swamp:4 |   18584 |   26801 |  59.1 |      37 |      34 |  47.9
    Snake:1 |    5810 |       0 |   0.0 |      11 |       0 |   0.0
    Snake:2 |   19541 |     157 |   0.8 |      39 |       1 |   2.5
    Snake:3 |   25655 |    1846 |   6.7 |      49 |       1 |   2.0
    Snake:4 |   22323 |   18721 |  45.6 |      43 |      33 |  43.4
      Orc:1 |    6573 |       0 |   0.0 |      64 |       0 |   0.0
      Orc:2 |    4201 |    5521 |  56.8 |      64 |      41 |  39.0
   Vaults:1 |   29319 |   24496 |  45.5 |      39 |      39 |  50.0
   Vaults:2 |   19484 |    9408 |  32.6 |      36 |      17 |  32.1
   Vaults:3 |   42035 |    6385 |  13.2 |      58 |       9 |  13.4
   Vaults:4 |   28666 |   25110 |  46.7 |      51 |      24 |  32.0
   Depths:1 |   17194 |   22108 |  56.3 |      20 |      24 |  54.5
   Depths:2 |   36167 |   17722 |  32.9 |      43 |      11 |  20.4
   Depths:3 |    5035 |   12308 |  71.0 |       5 |      10 |  66.7
            +---------+---------+-------+---------+---------+-------
